Workbook

Sheet CIPFA_IFR4NPO_CONSULTATIONPART2
A1: NameOfRespondent[{Name_of_person_providing_the_response}].TextQuestion | B1: SMC_SelectionList (1/11) | C1: SMC_SelectionList (2/11) | D1: SMC_SelectionList (3/11) | E1: SMC_SelectionList (4/11) | F1: SMC_SelectionList (5/11) | G1: SMC_SelectionList (6/11) | H1: SMC_SelectionList (7/11) | I1: SMC_SelectionList (8/11) | J1: SMC_SelectionList (9/11) | K1: SMC_SelectionList (10/11) | L1: SMC_SelectionList (11/11) | M1: SMC_0 | N1: SMC_1 | O1: SMC_2 | P1: SMC_3 | Q1: SMC_4 | R1: SMC_5 | S1: SMC_6 | T1: SMC_7 | U1: SMC_8 | V1: SMC_9 | W1: SMC_10 | X1: SMC_0_a | Y1: SMC_0_b | Z1: SMC_0_c | AA1: SMC_1_a | AB1: SMC_1_b | AC1: SMC_1_c | AD1: SMC_1_d | AE1: SMC_2_a | AF1: SMC_2_b | AG1: SMC_2_c | AH1: SMC_2_d | AI1: SMC_2_e | AJ1: SMC_3_a | AK1: SMC_3_b | AL1: SMC_3_c | AM1: SMC_3_d | AN1: SMC_3_e | AO1: SMC_3_f | AP1: SMC_4_a | AQ1: SMC_4_b | AR1: SMC_4_c | AS1: SMC_4_d | AT1: SMC_5_a | AU1: SMC_5_b | AV1: SMC_5_c | AW1: SMC_5_d | AX1: SMC_5_e | AY1: SMC_6_a | AZ1: SMC_6_b | BA1: SMC_6_c | BB1: SMC_6_d | BC1: SMC_7_a | BD1: SMC_7_b | BE1: SMC_7_c | BF1: SMC_7_d | BG1: SMC_7_e | BH1: SMC_8_a | BI1: SMC_8_b | BJ1: SMC_8_c | BK1: SMC_8_d | BL1: SMC_8_e | BM1: SMC_8_f | BN1: SMC_8_g | BO1: SMC_9_a | BP1: SMC_9_b | BQ1: SMC_9_c | BR1: SMC_9_d | BS1: SMC_9_e | BT1: SMC_10_a | BU1: SMC_10_b | BV1: SMC_10_c | BW1: SMC_10_d | BX1: SMC_10_e | BY1: FurtherUpdates | BZ1: ProjectURL_Text | CA1: RandomID_Text
A2: Innocent Philips | B2: SMC_4_Grant_expenses | C2: SMC_6_Inventory_held_for_use_or_distribution | D2: SMC_9_Fundraising_costs | E2: SMC_10_Narrative_reporting | AP2: Yes | AQ2: Yes | AY2: Yes | AZ2: Yes | BT2: Yes | BU2: Yes | BV2: Yes | BY2: Agree | BZ2: https://www.ifr4npo.org/cp-survey | CA2: v06n3wb0
A3: OUMOU WANE TOURE | B3: SMC_0_Selection_of_NPO_Specific_Issues | C3: SMC_1_Reporting_entity_and_control_including_branches_ | D3: SMC_2_NPOs_acting_on_behalf_of_other_entities | E3: SMC_4_Grant_expenses | F3: SMC_7_Presentation_of_financial_statements_including_fund_accounting_ | G3: SMC_8_Classification_of_expenses_–_function_or_nature_ | H3: SMC_9_Fundraising_costs | I3: SMC_10_Narrative_reporting | AA3: Yes | AB3: Yes | AC3: Yes | AD3: Alternative 2 | AE3: yes | AF3: yes | AG3: yes | AH3: Alternative 2 Easier to implement | AP3: yes | AQ3: yes | AR3: yes | AS3: Alternative 2 | BC3: yes | BD3: yes | BE3: yes | BF3: Alternative 3 : allows better comparability | BG3: Alternative 2 | BH3: yes | BI3: yes | BJ3: yes | BK3: Alternative 2 lead to improvements in financial management. Increase transparency | BL3: yes | BM3: yes | BN3: Preferred option N° 3 Diificulty in defining common functional analysis and comparability | BO3: yes | BP3: yes | BQ3: yes | BR3: Alternative 3 Increased transparency | BS3: yes | BT3: yes | BU3: yes | BV3: yes | BW3: Alternative 3 Better communication with all stakeholders,with improved and fuller understanding by all stakeholders of the performance, position and prospects of NPO. | BX3: yes | BY3: Agree | BZ3: https://www.ifr4npo.org/cp-survey | CA3: 5gl5rkii
A4: CPA Naftal Nyariki | B4: SMC_3_Non_exchange_revenue | C4: SMC_5_Measurement_of_non_financial_assets_held_for_social_benefit | AJ4: I agree-It has been comprehensively dealt with. | AK4: Yes | AL4: In the case of alternative 2, it is not suitable for use with unrestricted funds which the entity can spend it in any way it wishes at any time-this should be recognized as income on receipt. in all the 4 alternatives, the concept of 'being able to measure gifts in kind reliably' is not defined and may be subject management discretion. Some minimum criterion should be set out so as to avoid subjectivity e.g. if the same goods are sold in the open market in the given location, then measurement should be mandatory. | AM4: I prefer alternative 2 because of the simplicity and practicability of its application especially for restricted funds. It allows the recipient to easily settle accounts with the donor in case it becomes impractical to meet some of the objectives or a grant is terminated before the envisioned period. My anecdotal view is that it is more widely used by NPOs. | AN4: Yes, this should be so given the varied nature of the gifts and the practical difficulties of its measurement. | AT4: I think the section could be better described to show that it is dealing with fixed assets-i proposed that a description such as 'Measurement of Property and Equipment held for social use' be used. | AU4: I think the alternatives are sufficient | AV4: In alternative 4-lack of comparability is cited as a disadvantage of the alternative. I think it is the other way round-comparability should be enhanced given that revaluation of certain classes of assets is mandated to use 'value in use' model Allowing valuation based on 'value in use' concept will be particularly useful for NPOs where property are only used for a limited time and will have to be given up to the community or government at the end of the project time, even though the fair value of such property may be high. | AW4: Alternative 4 seems best because it mandates the revaluation model thus enhancing comparability of financial statements across similar entities. | AX4: Yes, land and building can change significantly in the context of NPOs and so this should be taken into account. For instance, when the impact of intervention result in improved living conditions in an area, this can lead to an influx and thus demand and prices of property. The converse can happen if conditions deteroriate. | BY4: Agree | BZ4: https://www.ifr4npo.org/cp-survey | CA4: c6147ota
A5: Gibson Runesu | B5: SMC_2_NPOs_acting_on_behalf_of_other_entities | C5: SMC_4_Grant_expenses | D5: SMC_7_Presentation_of_financial_statements_including_fund_accounting_ | E5: SMC_10_Narrative_reporting | AE5: I agree | AF5: I agree | AG5: I do agree | AH5: NPO should disclose full information of their capacity, that is whether an agent or principal. | AI5: Some principals would not want to be disclosed as they may be operating outside the laws of the sovereignities they will be working in. For example some may be funding political activities | AP5: Yes | AQ5: Yes | AR5: Yes | BC5: Yes | BD5: Yes | BE5: Yes | BG5: I do agree as the NPO will not be operating as a revenue generating entity | BT5: I agree | BU5: For now the list is exhaustive and may be reviewed as reporting starts. | BV5: I agree | BX5: Yes so that the reports maybe comparable and capturing all key issues to be reported | BY5: Agree | BZ5: https://www.ifr4npo.org/cp-survey | CA5: elmls3tq
A6: Jayshree | B6: SMC_0_Selection_of_NPO_Specific_Issues | C6: SMC_9_Fundraising_costs | X6: Yes | Y6: Yes | Z6: Yes | BO6: Yes | BP6: Yes | BQ6: Yes | BR6: Yes | BS6: Yes | BY6: Agree | BZ6: https://www.ifr4npo.org/cp-survey | CA6: 8fnr33bi
A7: Pierre Baptiste Joseph DOUMBIA | B7: SMC_0_Selection_of_NPO_Specific_Issues | C7: SMC_1_Reporting_entity_and_control_including_branches_ | D7: SMC_2_NPOs_acting_on_behalf_of_other_entities | E7: SMC_3_Non_exchange_revenue | F7: SMC_4_Grant_expenses | G7: SMC_5_Measurement_of_non_financial_assets_held_for_social_benefit | H7: SMC_6_Inventory_held_for_use_or_distribution | I7: SMC_7_Presentation_of_financial_statements_including_fund_accounting_ | J7: SMC_8_Classification_of_expenses_–_function_or_nature_ | K7: SMC_9_Fundraising_costs | L7: SMC_10_Narrative_reporting | BY7: Agree | BZ7: https://www.ifr4npo.org/cp-survey | CA7: 2h2kncwz
A8: Mark Jerome | B8: SMC_1_Reporting_entity_and_control_including_branches_ | C8: SMC_3_Non_exchange_revenue | D8: SMC_4_Grant_expenses | E8: SMC_5_Measurement_of_non_financial_assets_held_for_social_benefit | F8: SMC_6_Inventory_held_for_use_or_distribution | G8: SMC_7_Presentation_of_financial_statements_including_fund_accounting_ | H8: SMC_8_Classification_of_expenses_–_function_or_nature_ | I8: SMC_10_Narrative_reporting | AA8: Yes | AB8: I have difficulty in identifying the difference between the two alternatives: assessing the power to govern financial and operating policies to define control (in Alternative 2) seems to be a significant part of the principles-based approach of substance over form (in Alternative 1). I would present Alternative 2 as an example of how Alternative 1 may be applied in practice. | AC8: See comment at SMC 1(a) above | AD8: See comment at SMC 1(a) above - I am in favour of the principles-based approach of substance over form, and would use Alternative 2 as an example of how that may be applied in practice. | AJ8: Yes | AK8: Yes - however, there should be a recognition that assets may be donated for use rather than resale. This does not appear to be taken into account in paragraph 4.2. | AL8: Yes | AM8: Alternative 4 seems to be the most appropriate treatment; it reflects the internal management and reporting of revenue by most NPOs with which I have worked. | AN8: N/A | AO8: There will be significant judgment involved in identifying and measuring such revenue. All parties (NPOs, donors, auditors and regulators) will need training and strong communication to ensure consistency. | AP8: Yes | AQ8: Yes | AR8: Yes | AS8: N/A | AT8: Yes | AU8: Apart from Alternative 4, there is no guidance on impairment reviews for non-cash-generating assets. IPSAS 21 (Impairment of Non-Cash-Generating Assets) addresses this issue. I recommend that the principles of this standard be used as the basis for considering the impairment of such assets under all Alternatives. | AV8: Yes | AW8: I favour Alternative 1: it follows existing international standards and therefore will be familiar to most accountants, auditors and analysts. (As noted under SMC 5(b) above, this should be supplemented by the option of referring to IPSAS 21 when assessing the impairment of non-cash-generating assets.) | AX8: I would lead this to be decided on a case-by-case basis. There will be occasions when this information will be relevant and useful; there may be occasions when it is not (or when the value it adds is less than the costs and resources needed to obtain the information). Adopting a 'one-size-fits-all' approach is inconsistent with the overall approach in Alternative 1, which I have recommended in SMC 5(d) above. | AY8: Yes | AZ8: No - since the inventory at many NPOs includes considerable quantities of perishable goods (e.g. food, medical supplies, etc.), their inventory management should be designed to help ensure that such goods are properly used (or distributed) before they expire. In order to assist such a process, it should be possible to use a 'First Expired First Out (FEFO)' method for valuing inventory. (This issue is not unique to NPOs.) | BA8: Yes | BB8: I have no strong feelings between the three options: all have their advantages and disadvantages, as described in the consultation paper. On balance, I am in favour of Alternative 1, on the grounds that I have come across more accountants in NPOs and donors who are familiar with IFRS (and IFRS for SMEs) than accountants who are familiar with IPSAS. They are therefore more likely to understand Alternative 1 and implement it correctly. If Alternative 1 is used, there will need to be specific guidance on inventory held for use (including for use or distribution). | BC8: Yes | BD8: Yes. However, we should also consider the medium for presenting financial statements. If they are presented electronically, it is easier to show aggregated results, which can then be drilled down to identify the disaggregated components. This would enable NPOs to present a large number of different funds, both showing each one separately and also the combined results. | BE8: Yes | BF8: If financial statements are presented electronically, with my recommendations in SMC 7(b) above, Alternative 1 becomes feasible. If not, I recommend Alternative 3; otherwise, there is a risk that different donors require separate reports of their funds to be prepared and audited, this adding to the burden on NPOs. | BG8: Yes | BH8: Yes - but see SMC 8(b) below | BI8: No - the use of a hybrid system could be expanded as follows: 1. Some expenses are specific to certain functions. These should be attributed before other expenses are allocated. 2. Ideally, expenses should be recorded in a matrix system, with both their nature and function(s) identified. This requires a well-designed system, that is fully understood by management and in whose use all accounting staff are trained. (This is a practical option: I have seen such systems successfully used by NPOs in the Lao PDR, some introduced by a global NGO, others developed locally; in all cases, it required 1-3 months to train new accounting staff in their use.) 3. The basis of allocating expenses to functions should be clearly described and subject to internal and external assurance, so that management can assure donors and others how the allocations are made. 4. Some expenses are not allowed by certain donors; a clear and transparent allocation will enable management to prevent such expenses from being allocated to those donors' projects. | BJ8: Yes - but see SMC 8(b) above | BK8: I prefer alternative 3, with additions as noted in SMC 8(b) above. As noted above, the main additional cost will be in the development of a reporting system. | BL8: Yes - but see SMC 8(b) above | BM8: Whether the allocation of expenses to functions is arbitrary or not will depend on NPOs' management. | BN8: Yes - the proper allocation of expenses to functions requires a strong management accounting system, management who understand and are willing to enforce it, and staff who are trained in its use. | BT8: Yes | BU8: Yes | BV8: Yes - however, Alternatives 2 or 3 will need to be fleshed out with guidance for preparers and auditors, in order to ensure that reports are consistent over time and comparable across different organizations. | BW8: I prefer Alternative 3, with the caveat in SMC 10(c) above. This will maximize the usefulness of financial reports and reduce the risk of certain stakeholders (e.g. donors) seeking additional reports from NPOs. I am also comfortable with Alternative 2. I do not like Alternative 1; as noted in the paper, this would be a missed opportunity. | BX8: Yes - I agree | BY8: Agree | BZ8: https://www.ifr4npo.org/cp-survey | CA8: z38ul5is
A9: Bev Bolton | B9: SMC_0_Selection_of_NPO_Specific_Issues | C9: SMC_1_Reporting_entity_and_control_including_branches_ | D9: SMC_3_Non_exchange_revenue | E9: SMC_4_Grant_expenses | F9: SMC_7_Presentation_of_financial_statements_including_fund_accounting_ | G9: SMC_8_Classification_of_expenses_–_function_or_nature_ | H9: SMC_10_Narrative_reporting | X9: yes | Y9: yes | Z9: yes | AA9: yes | AB9: yes | AC9: yes | AD9: Alternative 2 due to ease of application. Smaller NPOs could face cost and time demands to meet Alternative 1 - unless there was the ability to have tiered requirements? | AJ9: yes | AK9: yes | AL9: yes | AM9: Alternative 4 meets concerns re consistency and cost/benefit for smaller NPOs | AN9: n/a | AO9: probably not | AP9: yes - although not a big issue for the organisation I work in | AQ9: yes | AR9: yes | AS9: Alternative 2 | BC9: yes | BD9: yes | BE9: yes | BF9: Alternative 1. Fund accounting could be overly onerous and complex. We have some individual government donors who request separate acquittal reports which may or may not need to be audited. This then gives flexibility to the donor but keeps the full financial report focused on the organisation as a whole. | BG9: As an accountant I like the term, however it is not widely used outside of accounting. I think we should keep the term but work towards education of stakeholders. | BH9: yes | BI9: yes | BJ9: yes | BK9: Alternative 3 however determining consistent categories will definitely be a challenge. Some internal stakeholders won't necessarily like the increased accountability. I think report by agreed aggregated nature on the face of the statement and by function in the notes. | BL9: yes | BM9: it would be dependent on the needs of individual organisations, and so very subjective which is why i think it should be in the notes | BN9: as raised, the difficulty of determining a common functional analysis | BT9: yes | BU9: yes | BV9: yes | BW9: Alternative 2. Some narrative reporting is pushing beyond the responsibility of finance professionals and cause difficulties in gaining the information from other staff & being sure of the reliability of information. I just want to be responsible for financial information! We rely on our annual (non-financial) report for narrative reporting. | BX9: yes | BY9: Agree | BZ9: https://www.ifr4npo.org/cp-survey | CA9: 3w0p793r
A10: Caroline Kariuki | B10: SMC_3_Non_exchange_revenue | AJ10: Yes I do agree | AK10: The four alternatives are good enough. Any other might be reinventing the wheel | AL10: I totally agree | AM10: I agree with Alternative 3 and 4. This is because most of the NPOs receive conditional grants which might not be possible to recognise at income. In addition there are many types of donations and assuming all with squally fall under alternatives 1 to 3 is not possible | AN10: I prefer alternative 4 because NPOs are diverse and unique hence no straight jacket and alternative 4 gives an escape route. | AO10: Some pertinent issues Measurement - Some of the donated items are fully depreciated, others require additional recourses to bring them to working condition. In other cases, the items are forced on to the NPOs and are rarely put to use. | BY10: Agree | BZ10: https://www.ifr4npo.org/cp-survey | CA10: s3jb2a54
A11: Owen Mavengere | B11: SMC_10_Narrative_reporting | BT11: Agreed | BU11: Apart from IIRC (SASB, Value Reporting Foundation) GRI and the possible IFRS Foundation Sustainability Standards should be considered. | BV11: Agreed | BY11: Agree | BZ11: https://www.ifr4npo.org/cp-survey | CA11: 2kr3y79v
A12: Hernan Sanchez | B12: SMC_1_Reporting_entity_and_control_including_branches_ | C12: SMC_2_NPOs_acting_on_behalf_of_other_entities | D12: SMC_3_Non_exchange_revenue | E12: SMC_4_Grant_expenses | F12: SMC_5_Measurement_of_non_financial_assets_held_for_social_benefit | G12: SMC_6_Inventory_held_for_use_or_distribution | H12: SMC_7_Presentation_of_financial_statements_including_fund_accounting_ | I12: SMC_8_Classification_of_expenses_–_function_or_nature_ | J12: SMC_10_Narrative_reporting | AA12: Yes | AB12: Yes | AC12: Yes | AD12: Alternative 2 offers simplicity However, additional guidelines should not be limited to majority voting power or control of financial policies. The guidelines should include additional aspects such as the ability to withdraw its business brand from the controlled entity or the ability to veto certain strategic decisions. | AE12: Yes | AF12: Yes | AG12: Yes | AH12: Yes | AI12: Alternative 2 offers simplicity and is in accordance with the general framework. Certainly, when the entity acts as an agent, it should not recognize income and expenses in its financial statements. However, accountability to the provider of cash resources is considered to be a fundamental objective of financial reporting. Therefore, we believe that the cash flows of each project where the entity acts only as an agent should be disclosed in a section of the statement of cash flows, in addition to having a separate expanded disclosure in the notes to the financial statements. In our opinion, this should not be optional and the information should not be limited to supplemental narrative reports, but rather be required in financial statement disclosures. | AJ12: Yes | AK12: Yes | AL12: Yes | AM12: Alternative 4, we believe, is more adapted to the reality of an NPO. The international financial reporting standard for the public sector covers the matter in a better way and would not have major differences with the IFRS for SMEs, which is the main reference framework. The exceptions would help the necessary simplicity. We agree on the need for broad disclosures, but in the notes to the financial statements (not just in the supplemental narrative report). Considering that the fundamental emphasis is on accountability and rigorous valuation of assets, in our opinion, it is not a fundamental factor, the disclosures in the notes should include an approximation of the fair value of the goods and services received ( even when fair value technically and rigorously is not so reliable). Likewise, donated goods and services, which are subsequently used in specific projects, must be disclosed. This disclosure should be mandatory. | AN12: N/A | AO12: Yes. The difficulty of obtaining reliable fair values. Smaller NPOs or located in non developed markets, may not be able to comply. | AP12: Yes | AQ12: Yes | AR12: Yes | AS12: We believe that alternative two, which includes the proposed modifications to the financial reporting standards for the public sector, is a more appropriate alternative. | AT12: Yes | AU12: Yes | AV12: Yes | AW12: Alternative 1. The existence of a fair value valuation option in IFRS and IFRS for SMEs for this type of assets has been generating a lack of comparability in profit companies for decades. We do not believe that this lack of comparability is such an important factor in NPOs. The fact that the use of Fair Value is only an option would allow small NPOs not to consider it, unless it is fully justified. For the measurement of impairment, guidelines are needed to determine the value. The determination of the value in use by estimated futures cash flows from assets or CGUs, we do not believe that it would be adequate in an NPO. On the other hand, we are concerned about the subjectivity of an economic calculation of the service potential value. Therefore, we believe that impairment can only be measured at fair value (without economic estimations of any kind). | AX12: We do not believe that value in use measurements are adequate in an NPO. | AY12: Yes | AZ12: Yes | BA12: Yes | BB12: We believe that NPOs that have inventories for sale in the open market should comply with the IFRS for SMEs without limitations. Alternative 1 in that case. However, when the NPO maintains inventories for distribution that will be donated or sold at nominal or referential price outside the open market, or used and consumed in the production of free or nominally priced goods and services, the inventory would be measured at cost or replacement value, the lesser. ' We believe that at times it will be difficult to have reliable replacement values. We believe that the replacement value can be an approximation to the net realizable value and we would be fundamentally within the framework of the IFRS for SMEs | BC12: Yes | BD12: Yes | BE12: Yes | BF12: Alternative 3. Fund accounting is necessary and the requirements for major donors should be considered. In our opinion, in an NPO, accountability is the most important thing. Disclosures should not be released. A minimum level of disclosure should be required. A model of notes to the financial statements with minimum levels of disclosure may be necessary in the guidelines that are issued. | BG12: We belive that the name Activity Statement is already known in many jurisdictions. | BH12: yes | BI12: Yes | BJ12: Yes | BK12: Alternative 3. We believe that it is necessary for expenses to be presented by function and by nature, both. (The one may be in the notes to the financial statements). This allows meeting the need of multiple users. Additionally, this double disclosure should be offered at the level of each of the individual projects or sections of the activities/performance statement. | BL12: Yes | BM12: No. Most profit entities use function allocation. That involves a certain degree of subjectivity, but we've already dealt with that. | BT12: Yes | BU12: Yes | BV12: Yes | BW12: Alternative 3. If there are entities that should inform the stakeholders in the best way, those are the NPOs. The best integrated reporting framework should be applied with specific mandatory requirements for NPOs based on their size and nature. If NPOs are pioneers against profit entities in the use of this model, that would be exactly the right thing to do. | BX12: International Integrated Reporting Framework | BY12: Agree | BZ12: https://www.ifr4npo.org/cp-survey | CA12: 026lb1r8
A13: Neha Kaushik | B13: SMC_4_Grant_expenses | C13: SMC_6_Inventory_held_for_use_or_distribution | D13: SMC_8_Classification_of_expenses_–_function_or_nature_ | AP13: The topic names it as grant expenses which is a broad term, these expenses can include salaries, field costs, travel, workshops etc, but actually in this issue we are only focussing on sub granting at one or multiple levels. In India for money routing through FCRA, now the act prohibits sub granting and therefore this may not be applicable for thos entities. | AS13: I am in favour of alternative 2. Though it involves more information sharing by the NPOs but it gives clarity to readers of the financial statements to compare the grant reporting across NPOs | AY13: i agree | AZ13: in both the treatments there is no segrargation of accounting for inventory that is held for own use and inventory that is held for further distrbution. I think a treatment mentioning separate ways of accounting should be given. Inventory held for enitities own use are to shown as assets of the entity and depreciated as per local guidance rules for depreciation. whereas inventory held for distribution or purchased for performance of the project should be expensed off and reported to the donor as amount spent fully. | BH13: yes | BM13: Different stakeholders may need different information and it would be difficult to standardise the format. We have a Income and expenditure account which gives information in the way the accounting guidelines of teh a particular jursidiction are. So therefore if we need to provide the information in a hybrid manner we can have an annexure to the income and expenditure account that will depict both expenses by function and nature and the respective stakeholder can deep dive into this annexure to understand it. | BY13: Agree | BZ13: https://www.ifr4npo.org/cp-survey | CA13: 3c6zp4iz
A14: David Wortham | B14: SMC_7_Presentation_of_financial_statements_including_fund_accounting_ | C14: SMC_10_Narrative_reporting | BC14: There is far too little recognition of the interest of beneficiary groups as stakeholders. They have particular interests and rights to information, but limited skills and resources to interpret and understand it. | BD14: The more alternatives that are considered, the less usable the financial statements will be. We need to remember the skills and understanding available in small and medium-sized NPOs, among desk officers at donor agencies and among other user groups. My experience in the UK is that, while the SORP certainly provides lots of information that is susceptible to comparison and analysis, in is unintelligible to at least 95% of users. Understanding is not a function of the quantity of information, it is a function of simple presentation of approrpriate information. | BG14: This is more accountancy-speak. What do 95% of users understand? We have a perfectly acceptable term that is known globally - income and expenditure. Remember the users! | BX14: My biggest concern is that we could be creating risks without thinking. What about the risk of disclosing details of controversial activities in oppressive states. If information, especially narrative reporting, reveals evidence of illegal/repressed activities (either overtly or by clear omission) then the organisation or project could be shut down and NPO employees, their auditors and others could be in personal danger. If some sort of exemption is granted how can it be defined? How can it be used without disclosure (that would itself be evidence of such activities)? If this is justification for an exception, can other claims for exceptions be denied? What then for an international standard? | BY14: Agree | BZ14: https://www.ifr4npo.org/cp-survey | CA14: ciarobum
A15: Raúl Yñarra | B15: SMC_1_Reporting_entity_and_control_including_branches_ | C15: SMC_6_Inventory_held_for_use_or_distribution | D15: SMC_7_Presentation_of_financial_statements_including_fund_accounting_ | E15: SMC_8_Classification_of_expenses_–_function_or_nature_ | F15: SMC_9_Fundraising_costs | G15: SMC_10_Narrative_reporting | AA15: YES | AB15: YES | AC15: YEs | AY15: YES | AZ15: YES | BA15: YES | BC15: YES | BD15: YES | BE15: YES | BH15: YES | BI15: YES | BJ15: YES | BL15: YES | BM15: YES | BN15: NO | BO15: YES | BP15: YEs | BQ15: YES | BS15: YES | BT15: YES | BU15: YES | BV15: YES | BX15: YES | BY15: Agree | BZ15: https://www.ifr4npo.org/cp-survey | CA15: 929qjwq6
A16: Dumaria | B16: SMC_7_Presentation_of_financial_statements_including_fund_accounting_ | C16: SMC_8_Classification_of_expenses_–_function_or_nature_ | BC16: Yes | BD16: I agree | BE16: I Agree | BF16: Alternative 2. From all 3 alternatives, I found the benefits meet most of the needs for the user of the financial statements, while the disadvantages are something that are on the manageable level. | BG16: Yes | BH16: Yes | BI16: Yes | BJ16: Yes | BK16: Alternative 3. The information will better represents the organization's spending nature. | BL16: Presented in the performance statements | BM16: No, in fact it will create guidelines to NPOs to allocated their expenses more correctly, as my experience, NPO had problem deciding how to allocated expenses, and ended up mixed up a lot of same expenses to many different accounts and in the end it makes the report confusing. | BN16: No | BY16: Agree | BZ16: https://www.ifr4npo.org/cp-survey | CA16: cu8hu043
A17: Marina Ter-Sargsyan | BY17: Agree | BZ17: https://www.ifr4npo.org/cp-survey | CA17: dce8lf34
A18: JONATHAN PRINCE CANN | B18: SMC_4_Grant_expenses | C18: SMC_7_Presentation_of_financial_statements_including_fund_accounting_ | D18: SMC_8_Classification_of_expenses_–_function_or_nature_ | E18: SMC_9_Fundraising_costs | F18: SMC_10_Narrative_reporting | BY18: Agree | BZ18: https://www.ifr4npo.org/cp-survey | CA18: bof90lyb
A19: Rafat Bandak | B19: SMC_0_Selection_of_NPO_Specific_Issues | C19: SMC_1_Reporting_entity_and_control_including_branches_ | D19: SMC_3_Non_exchange_revenue | E19: SMC_4_Grant_expenses | F19: SMC_6_Inventory_held_for_use_or_distribution | G19: SMC_7_Presentation_of_financial_statements_including_fund_accounting_ | H19: SMC_8_Classification_of_expenses_–_function_or_nature_ | I19: SMC_10_Narrative_reporting | X19: Additional issue is the exchange rates between the grant received in currency and the spending in other currency. | Y19: The issue is that donors specify exchange rates that is different than the exchange rates used in the accounting system which make currency exchange loss. | Z19: I suggest to add the exchange rates for grants and if possible to report exchange loss or gain part of the reporting. | AA19: Yes, I agree. | AB19: Yes, I agree. | AC19: Yes, I agree. | AJ19: Yes, I agree. | AK19: Yes, I agree. | AL19: Yes, I agree. | AN19: When no monetary exchange, the NPO most likely will not record any transaction. We need to clear out when NPO will record all revenue as descripted recognition and measurement. | AO19: No | AP19: Yes, I agree. | AQ19: Yes, I agree. | AR19: Yes, I agree. | AS19: All is fine. | AY19: Yes, I agree. | AZ19: Yes, I agree. | BA19: Yes, I agree. | BC19: Yes, I agree. | BD19: Yes, I agree. | BE19: Yes, I agree. | BF19: Alternative 2 as it builds on the existing presentation with focus on fund accounting. | BG19: The term financial performance is good, but may lead for misunderstanding about the NPO ability to survive and sustainability. I rather go with Statement of Activities or Statement of Revenues and Expenses. | BH19: Yes, I agree. | BI19: Yes, I agree. | BJ19: Yes, I agree. | BK19: Alternative 3, as to make a comprehensive analysis for function and nature in order to identify the best expense classification. | BL19: Yes | BM19: Yes | BN19: All is clear. | BT19: Yes, I agree. | BV19: Yes, I agree. | BW19: Alternative 2 as including narrative report will complete the information for reading the financial report. | BX19: I recommend the specific reporting requirements to support the financial report. | BY19: Agree | BZ19: https://www.ifr4npo.org/cp-survey | CA19: 484uf0rf
A20: Sofya Konstantinova | B20: SMC_0_Selection_of_NPO_Specific_Issues | C20: SMC_4_Grant_expenses | D20: SMC_5_Measurement_of_non_financial_assets_held_for_social_benefit | E20: SMC_7_Presentation_of_financial_statements_including_fund_accounting_ | F20: SMC_8_Classification_of_expenses_–_function_or_nature_ | G20: SMC_10_Narrative_reporting | X20: yes | Y20: yes | Z20: yes | AP20: yes | AQ20: yes | AR20: yes | AS20: I prefer alternative 2 because of increased comparability for stakeholders nad more clarity of performance obligations | AT20: yes | AU20: yes | AV20: yes | AW20: I prefer the avlernative 3 due to simplicity, clarity and comparability | AX20: yes | BC20: yes | BD20: yes | BE20: yes | BF20: I prefer the alternative 2 because it is better than alternative in my opinion and it does not have such a lot of disadvantages of alternative 3 | BG20: yes | BH20: yes | BI20: yes | BJ20: yes | BT20: yes | BU20: yes | BV20: yes | BW20: I prefer alternative 2. I think it helps receive more useful information for stakeholders and not be so complicated for NPOs. | BX20: yes | BY20: Agree | BZ20: https://www.ifr4npo.org/cp-survey | CA20: v4j4tfkz
A21: Leana van der Merwe | B21: SMC_1_Reporting_entity_and_control_including_branches_ | C21: SMC_2_NPOs_acting_on_behalf_of_other_entities | D21: SMC_7_Presentation_of_financial_statements_including_fund_accounting_ | E21: SMC_8_Classification_of_expenses_–_function_or_nature_ | AA21: We agree with Description of Issue 1 | AB21: We agree that the alternatives is exhaustive as it considers the IPSAS standards as well as the jurisdictional standards. Substance over form is covered and pragmatic assessment. | AC21: We agree with the advantages and disadvantages, There are no additional ones to consider. | AD21: Alternative 2. Alternative 1 is focused on comparability but due to the nature and environment in which NPO's operate, Alternative 2 will result in more faithful representation. | AE21: We agree with the description of Issue 2. This is important for IPSAS as well as IFRS. | AF21: e agree that the list of alternative treatments for issue 2 is exhaustice. | AG21: We agree with the advantages and disadvantages articulated for each alternative accounting treatment for issue 2. | AH21: Alternative 2 Because it is more suited for NPO. The NPO's range in size and complexity, Alternative 1 will not cover all type of transactions. Alternative 3 Because it incorporates some of Alternative 2 but it provides more guidance on the agency principles. Alternative 1 will be very costly. | AI21: The challenge might be in some of the donations that cannot be quantifiable which are of a sentimental value. How would completeness of such disclosure be achieved? | BC21: The Issues described are real concerns around the NPO reporting. NPO's in nature have different stakeholders with different requirements. Secondly the going concern assumptions are important and a real concern to the NPO entities. We agree with the description of issue 7. | BD21: We agree that the alternatives cover all the considerations. International as well as jurisdictional legislations are taken into account. | BE21: We agree with the advantages and disadvantages articulated for each alternative accounting treatment for issue 7. we do not have any changes to propose. | BF21: We favor alternative 3. The reason is that alternative 3 provides supplementary donor or project statements for material funds or projects. And will be best suited to meet reporting need of major donors. Specific donor requirements and supplementary information and specific project reports can be provided. This will assist in identifying different projects and its requirements. The specified nature of the stakeholders require specialized reporting. | BG21: Technically speaking the NPO should not have a profit n=motive but financial performance is a good description to support the objective. The broader concept of financial performance means how you utilized your funds to achieve your objectives. So we agree. | BH21: We agree with the description of issue 8 | BI21: We agree that the list of alternative approaches that should be considered for issue 8 is exhaustive. It covers all possibilities. | BJ21: We agree with the advantages and disadvantages articulated for each alternative accounting treatment for issue 8. We agree that all the advantages and disadvantages were considered. | BK21: Alternative 2 will be favorable. Will assist with narrative report. | BL21: It does, alternative 3 and 4 is more in the notes than in the face but everything essential is covered in all 4 the alternatives. | BM21: No it will not. | BN21: We do not predict any practical questions arising on the implementation as sufficient guidance is already available. | BY21: Agree | BZ21: https://www.ifr4npo.org/cp-survey | CA21: ep644fji
A22: Leana van der Merwe | BZ22: https://www.ifr4npo.org/cp-survey | CA22: kky3qs7i
A23: Leana van der Merwe | BZ23: https://www.ifr4npo.org/cp-survey | CA23: rk9u53p4
A24: Leana van der Merwe | BZ24: https://www.ifr4npo.org/cp-survey | CA24: qy1k26pm
A25: Leslie Williams | B25: SMC_0_Selection_of_NPO_Specific_Issues | C25: SMC_1_Reporting_entity_and_control_including_branches_ | D25: SMC_3_Non_exchange_revenue | E25: SMC_4_Grant_expenses | F25: SMC_5_Measurement_of_non_financial_assets_held_for_social_benefit | G25: SMC_6_Inventory_held_for_use_or_distribution | H25: SMC_7_Presentation_of_financial_statements_including_fund_accounting_ | I25: SMC_8_Classification_of_expenses_–_function_or_nature_ | J25: SMC_9_Fundraising_costs | K25: SMC_10_Narrative_reporting | X25: Yes | Y25: I agree | Z25: I do agree with all the topics, I feel the meet the issues that border around NPOS | AA25: Yes I do agree | AB25: Yes I do agree that the list is exhaustive | AC25: Yes I do | AD25: I favour alternative 1, giving that the other alternatives seem to come back to the concept outlined in alternative 1 | AJ25: Yes I do agree with the description | AK25: Yes I do agree the list is exhaustive | AL25: Yes I do agree with the advantages and disadvantages articulated. | AM25: Alternative 2, it seems to provide some form of consistency and also seem to be able to aid NPOs in complex arrangements | AN25: Yes I do consider it. | AO25: There could be potential impacts on audit thresholds not sure on taxes as in my jurisdiction there is not much emphasis on tax on NPOs | AP25: I do agree | AQ25: Yes I do agree the list is exhaustive. | AR25: I do agree with the advantages and disadvantages | AS25: I will go with Alternative 2, because it supports increased comparability of grant reporting amongst NPOs and it is based on existing standards. | AT25: Yes I agree | AU25: I agree that the list is exhaustive | AV25: I do agree with the advantages and disadvantages | AW25: I favour Alternative 1 the reason been that it looks like a simple method to adopt and has room for specific NPO guidance. | AX25: I don't agree at this stage as I feel that even though the land and buildings are used to provide services revaluing them and showing the value in use will not provide useful information to users but might lead to confuse users and can be open to different interpretations. | AY25: Yes I agree | AZ25: Yes I do agree | BA25: Yes I do agree with the advantages and disadvantages | BB25: Alternative 1 as it gives scope for additional guidance for NPO | BC25: I do agree | BD25: Yes I do agree that the list is exhaustive | BE25: I do agree with the advantages and disadvantages outlined | BF25: I will go with alternative 3 as it has the potential to meet the reporting needs of most Donors. It also gives additional information which could be very useful for stakeholders. This will also help users to see how unrestricted reserves are managed | BG25: I do agree with this term as it fits with the narratives of the other international standards | BH25: Yes I do agree | BI25: Yes I do agree | BJ25: Yes I agree with the advantages and disadvantages outlined | BK25: Its a bit difficult and needs more thinking around it but I would go with alternative 1 for the now. But the alterative 3 seems to provide best information about key components of expenses. Alternative 2 does not make for better cost benefit analysis. Alternatives 1 -3 does permit accountability to a larger extent. | BL25: Yes they do, but as I said in my previous response, I think some more thoughts need to go into these alternatives and the proposed classifications of expenses. | BM25: It has the potential of been arbitrary so all the more need for specific guidance around the classification of an entity's expenses. | BN25: Yes, it is how does the entity determine which method to use by function or by nature. A hybrid of the two might cause confusion and result in issues with comparability | BO25: Yes I do agree | BP25: Yes I do agree | BQ25: Yes I do agree | BR25: I go with alternative 3, fundraising costs is mostly associated with NPOs and a specific guidance on treatment, definition, disclosures etc. is required so as to have a standard across jurisdictions. | BS25: I do agree that fundraising costs should be presented gross as other methods are open to different interpretations and could end up with some amount of confusion. | BT25: Yes I do agree | BU25: Yes I do agree | BV25: Yes I do agree | BW25: I go with alternative 3, again because narrative reporting is specific to NPOs and I think an alterative that has the potential to speak specifically to this issue is welcomed. | BX25: I agree that narrative reporting guidance should be set at the level of a framework and principles | BY25: Agree | BZ25: https://www.ifr4npo.org/cp-survey | CA25: 2zp9p5bi
A26: Edmond Vanderpuye | B26: SMC_0_Selection_of_NPO_Specific_Issues | C26: SMC_1_Reporting_entity_and_control_including_branches_ | D26: SMC_4_Grant_expenses | E26: SMC_7_Presentation_of_financial_statements_including_fund_accounting_ | F26: SMC_8_Classification_of_expenses_–_function_or_nature_ | G26: SMC_9_Fundraising_costs | H26: SMC_10_Narrative_reporting | X26: I agree with the issues selected for consideration in Part 2 of the consultation. They reflect the generality of financial reporting for NPOs. | Y26: In my view the criteria used to evaluate the issues have been thoroughly considered and discussed., | Z26: Yes i am in agreement with the topics prioritized in the consultation paper . | AA26: In our organization, even though all the entities are separately registered and have autonomy, funding arrangements based government requirements for example in Canada raises the issue of direction and control of the entity registered in Canada partnering with another entity in a different country. Some of these dynamics aware not covered in the consultation paper. | AB26: Broadly I agree with the list of alternative treatments discussed in the consultation paper. | AC26: I am in agreement with the advantages and disadvantages articulated. | AD26: I prefer alternative treatment 2 based on the listed advantages which in my view outweigh the disadvantages. | AP26: In my opinion the issues described under grant expenses have been adequately covered. | AQ26: I have no objection to the list of alternative treatments. | AR26: I am in agreement with the advantages and disadvantages discussed. | AS26: My preference is Alternative Treatment 1. | BC26: I agree the issues captured reflect the realities experienced by NPOs. | BD26: I agree the issues have been well presented and argued. | BE26: The advantages and disadvantages discussed are sound and reasonable. | BF26: My preference will be Alternative Treatment 2. | BG26: I agree with the description. | BH26: I am in agreement. A well reasoned analysis. | BI26: The list of alternative approaches is exhaustive. | BJ26: I have no objections. | BK26: my preference is alternative treatment 3 because that is what my organization currently follows. I find that more comprehensive even though quite demanding in terms of preparation. | BL26: Yes they do especially alternative treatment 3. | BM26: I don’t believe so. | BN26: Technical expertise would be required tin implementing my preferred option. | BO26: I am in agreement. | BP26: Yes I do. | BQ26: They appear reasonable. | BR26: I prefer alternative treatment 3. The reasoning described aligns with my own thinking on the issue. | BS26: Fundraising cost should be reported or presented as gross. | BT26: Yes I agree. | BU26: I have no objection. | BV26: They are fairly stated. | BW26: My preference is alternative treatment 3. | BX26: Because of the diverse nature of NPOs and the activities they can engage in, it stands to reason a better approach will be to look at the issue from a framework and principles perspective than a specific reporting requirement. | BY26: Agree | BZ26: https://www.ifr4npo.org/cp-survey | CA26: c8psyxqb
A27: Wilfred | B27: SMC_2_NPOs_acting_on_behalf_of_other_entities | C27: SMC_4_Grant_expenses | D27: SMC_10_Narrative_reporting | AE27: Yes I agree | AF27: Yes I agree | AG27: Yes I agree | AH27: Alternative 2. It is easier to implement. The issue of determining agency relationship can be resolved at the time of signing grant /donor agreements and a clause could be inserted therein on how the reporting will be handled should there be a sub grantee relationship involved. The Awardee would then draw a sub awardee agreement in light of the original agreement with the donor | AI27: The challenge with the additional disclosure would come at the beginning( teething problems but if the national accounting bodies issue a guidance on the same, this would be overcome. | AP27: Yes I do agree | AQ27: Yes I do agree | AR27: Yes I do agree | AS27: Alternative 2 as it is not only practical but involves the stakeholders in mind when preparing the report | BT27: Yes I do | BU27: Yes I do agree Though ALternative one seems very weak . I would prefer that the alternatives be limited to Alternative 2 or 3. NPOs deal with funds given in good faith and its only fair that stakeholders get to know what the funds actually achieved and the challenges faced therein while attempting to achieve the objectives set out to be achieved. By doing nothing as proposed in alternative one, NPOs are left to their own devices and we have known NPOs that we just briefcase organisation that siphoned donor funds since there were no strict reporting standards in place hence tanking adavantage of the gap | BV27: I agree with Alternatives 2 and 3. The disadvantages over time will be overcome . For Alternative 1 the stakeholders are disadvantaged that would negatively impact funding and accountability | BW27: Alternative 3 . There is a framework already in place and which would greatly aid in report preparation. Additionally the interest's of all stakeholders are taken into account and this creates professionalism in all NPOs | BX27: I agree | BY27: Agree | BZ27: https://www.ifr4npo.org/cp-survey | CA27: 5nx0tyfc
A28: Aliyu Shehu,ACA | B28: SMC_4_Grant_expenses | AP28: YES | AQ28: YES | AR28: YES | AS28: NO COMMENT | BY28: Agree | BZ28: https://www.ifr4npo.org/cp-survey | CA28: shh59fzi
A29: Dorothea Malloy | B29: SMC_0_Selection_of_NPO_Specific_Issues | C29: SMC_1_Reporting_entity_and_control_including_branches_ | D29: SMC_2_NPOs_acting_on_behalf_of_other_entities | E29: SMC_3_Non_exchange_revenue | F29: SMC_4_Grant_expenses | G29: SMC_5_Measurement_of_non_financial_assets_held_for_social_benefit | H29: SMC_6_Inventory_held_for_use_or_distribution | I29: SMC_7_Presentation_of_financial_statements_including_fund_accounting_ | J29: SMC_8_Classification_of_expenses_–_function_or_nature_ | K29: SMC_9_Fundraising_costs | L29: SMC_10_Narrative_reporting | X29: Suggest adding to the future issues list: ‘Statement of Cash Flows’. The reason is to ensure NPOs have proper guidance to develop this Statement to complement accrual based general purpose financial statements. For issue 4 “Grant Expenses” suggest adding ‘Liabilities’ after the word ‘Grant Expenses’. That is, ‘Grant Expenses and Liabilities’. The reason is to aid the reader in knowing that grant ‘liabilities’ are part of this issue. | Z29: Issue 22 Foreign Currency Transactions is very important, specifically for smaller NPOs in the developing world, and should be moved to priority group 1. | AD29: Favour A1 as a move away from 'bright line' tests as stated in A2. Favour emphasis on principle based approach | AH29: Alternative 1 given that it may be more technically enduring. | AM29: A4 – since it is based on IPSAS 23 and incorporates some specific elements based on national standards. Also for any permitted exceptions, very good to have 'additional disclosures are required'. | AO29: Audit threshold - not necessary since the current U.S. threshold is based on funds expensed not received (i.e., recipient expends $750,000 or more in Federal awards) | AP29: Title only: 'Grant expenses and liabilities' | AS29: A2 given the statement to incorporate the approaches provided in ED 72 which also addresses accounting for multi-year grants. | AT29: Title only: Section 4 title states ‘Accounting for financial and non-financial assets’. However, Table 2.1 of Consultation 2 (p. 71) states only ‘Accounting for non-financial assets’. | AW29: A2 - since both models are included. Agree that practically it could be challenging to provide guidance on the measurement, but it is important if we want to have reliable revaluation reports. | AX29: Yes, but for small NPOs without a detailed guidance this could be very difficult | BB29: Alternative 1 for the stated fact: Fully compliant with IFRS Standards and the IFRS for SMEs Standard. And measurement is practical, that is: Inventory measured at the lower of cost or selling price (less costs to complete). | BC29: Yes, provide disclosure of material donor funding that the NPO provides to another entity to carry out projects/activities. Provide high level funding disclosure information such as: donor name, project, and amount as this information adds value to donors when looking at the NPO F/S. Another description of high level information could include % of revenue for project from # of donors. Donor interest is to view all donations from various sources then a donor will know whether there is an overlap from other donors for the project/activity. For example, do not want to use one donor’s money for another donor’s cost sharing. | BF29: A3 - Since it provides guidance on additional information to meet stakeholder (donors) needs. With coordinated outreach with donors, efforts to assist with formats for ‘supplemental information/schedules’ could be undertaken with the purpose producing this information from the NPOs ‘general purpose financial statement’. As an example, USAID recently revised it financial audit guide policy for non-U.S. recipients to prepare a ‘Schedule of Expenditures of USAID Awards’ which is changed from the prior USAID term of “Fund Accountability Statement” (see ADS 591maa USAID Financial Audit Guide for Foreign Organizations (p.50 template example)) Also, it would be useful for NPOs to disclose an explanation on the purposes for which the cash balances (reserves) are held so the reader of the financial statements does not misinterpret the financial statements. Being transparent about the purpose of accumulations can assist a NPO in demonstrating its stability and effectiveness to funders, other key stakeholders, and the public. Also, it would assist to understand whether an NPO considers managing reserves as an important aspect of the overall financial management (good NPO governance). In line with good governance and proper risk management, an NPO should demonstrate its appropriate level of reserves for its circumstances, as well as a strategy for building or spending its reserves in a way that is consistent with its purpose. | BK29: Alternative 3 is the best option to meet all the items listed in (i)-(iv) above. Requiring both a ‘function’ and ‘nature’ of expense analysis | BR29: A3 - the guidance would provide the basis for a standard definition including cost allocation methodologies together with a list of fundraising activities to assist NPOs | BW29: A2 - As it envisions additional guidance to assist NPOs in meeting this requirement. | BY29: Agree | BZ29: https://www.ifr4npo.org/cp-survey | CA29: 9xmul0mi
A30: Gleice Sanches | B30: SMC_7_Presentation_of_financial_statements_including_fund_accounting_ | BC30: yes | BD30: yes | BE30: yes | BF30: Alternative 3 - donors needs are met | BG30: yes | BY30: Agree | BZ30: https://www.ifr4npo.org/cp-survey | CA30: dfj4bt9x
A31: Awolusi Temitope | B31: SMC_4_Grant_expenses | BY31: Agree | BZ31: https://www.ifr4npo.org/cp-survey | CA31: 50g14vu4
A32: William Mufuka | B32: SMC_4_Grant_expenses | C32: SMC_6_Inventory_held_for_use_or_distribution | D32: SMC_7_Presentation_of_financial_statements_including_fund_accounting_ | E32: SMC_8_Classification_of_expenses_–_function_or_nature_ | F32: SMC_9_Fundraising_costs | G32: SMC_10_Narrative_reporting | AP32: Yes | AQ32: Yes | AR32: Yes | AY32: Yes | AZ32: Yes | BA32: Yes | BC32: Yes | BD32: Yes | BE32: Yes | BH32: Yes | BI32: Yes | BJ32: Yes | BM32: I think the allocation of expenses must be specific to be able to follow through and drill down expenses to the functional areas to which they related and must be accountd for. | BO32: Yes | BP32: Yes | BQ32: Yes | BY32: Agree | BZ32: https://www.ifr4npo.org/cp-survey | CA32: kxlg2rjw
A33: Francis Mba | B33: SMC_0_Selection_of_NPO_Specific_Issues | C33: SMC_1_Reporting_entity_and_control_including_branches_ | D33: SMC_2_NPOs_acting_on_behalf_of_other_entities | E33: SMC_3_Non_exchange_revenue | F33: SMC_4_Grant_expenses | G33: SMC_5_Measurement_of_non_financial_assets_held_for_social_benefit | H33: SMC_6_Inventory_held_for_use_or_distribution | I33: SMC_7_Presentation_of_financial_statements_including_fund_accounting_ | J33: SMC_9_Fundraising_costs | K33: SMC_10_Narrative_reporting | AB33: In cases where a branch is financially independent but legally depend on an NGO should there be consolidation of the accounts? | BY33: Agree | BZ33: https://www.ifr4npo.org/cp-survey | CA33: 3i05ztq1
A34: Brian Seaton | B34: SMC_7_Presentation_of_financial_statements_including_fund_accounting_ | C34: SMC_8_Classification_of_expenses_–_function_or_nature_ | D34: SMC_10_Narrative_reporting | BC34: No - the hideously bureacratic and complicated of full accruals reporting - treating capital assets as notional money - is totally inappropriate for the 80% of small charities in the UK with incomes less than £200K. Explaining how a charity uses it funds can be done MUCH ore simply and effectively by just keeping a simple register of assets (with a note of their deteriorating - ie: "depreciating" value if necessary) and leave small charities to answer specific (and more relevant/appropriate) queries from donors as required. In the UK at least - over-focus on the value of capitalised assets to the exclusion of non-capitalisable assets (eg: the non-money contributions of time and expertise by volunteers) completely misses the point about the fundamental essence of charity. If Small Charity Support were to charge for its services none of its intended beneficiaries would be able to afford it (and many other small charities are in the same position). All the international financial reporting standards I have seen work on the presumption that the ultimate demonstration of "value" is the "profit" that an organisation generates. On that basis all charities should just give up and go away. | BD34: No - see the example spreadsheet on the Small Charity Support website which provides a clear and unequivocal "proof of concept" that "simple is beautiful" can, and does, work in practice. | BE34: See website for working alternatives | BF34: See website for working alternatives | BG34: Charity ISN'T about financial performance, it's about social performance. Yes - a charity needs to be able to demonstrate that it has used donor's money wisely and effectively. But, at the end of the day, Not-for-Profit organisations are exactly that. Their job is to end up with all their money spent (and happy beneficiaries) not loads more money than they started with (profit) and happy investors. | BH34: No. As any crook will tell you - "build a bigger wall and I'll bring a bigger latter". Excessively complicated financial reporting requires only serves two purposes: 1: they provide greater opportunities for "financial wizards" to earn a "generous living" for themselves by claiming to be able to dance through all the complications; 2: they provide greater opportunities for the dishonest to so convolute their organisations finances that even professional accountants can't see through the deceptions. MUCH more important is not the requirement that charities justify the "niceties" of how they have spent their money but how accurate are their claims of what they have achieved by spending the money. | BN34: All my responses to the above are summed up by the first response. | BT34: Broadly Yes. But the consultation is still too focused on the requirement to be able to report charitable activities in terms of financially beneficial outcomes. There should be good narative reporting but any form of standardisation should be focused more on the veracity of the narrative. Are the benefits and charitable outcomes being reported just "apple pie and motherhood are good things" bland assertions that everyone can agree with even though they have totally different perspectives on what they mean? It's easy enough for auditors and independent examiners to pore over a charity's accounts and ooh-aah about whether they match the bank statements or not. Financial reporting standards don't currently require an auditor to "get their feet muddy" going out to check that the charity really has delivered what they claim to have delivered and, in particular, whether the beneficiaries were actually happy with what they were provided with. | BX34: Answers to the above summarised in my initial response on this topic. | BY34: Agree | BZ34: https://www.ifr4npo.org/cp-survey | CA34: 87thnhnw
A35: Rosalin Hinga | B35: SMC_4_Grant_expenses | BY35: Agree | BZ35: https://www.ifr4npo.org/cp-survey | CA35: vqzwzkdb
A36: Diro Tafa | B36: SMC_1_Reporting_entity_and_control_including_branches_ | C36: SMC_2_NPOs_acting_on_behalf_of_other_entities | D36: SMC_3_Non_exchange_revenue | E36: SMC_4_Grant_expenses | F36: SMC_5_Measurement_of_non_financial_assets_held_for_social_benefit | G36: SMC_6_Inventory_held_for_use_or_distribution | H36: SMC_7_Presentation_of_financial_statements_including_fund_accounting_ | I36: SMC_8_Classification_of_expenses_–_function_or_nature_ | J36: SMC_9_Fundraising_costs | K36: SMC_10_Narrative_reporting | AA36: yes | AB36: yes | AC36: yes | AE36: yes | AF36: yes | AG36: yes | BY36: Agree | BZ36: https://www.ifr4npo.org/cp-survey | CA36: qmxsh35f
A37: Meti Busha | B37: SMC_3_Non_exchange_revenue | AJ37: Yes I agree | AK37: Yes | AL37: Yes | BY37: Agree | BZ37: https://www.ifr4npo.org/cp-survey | CA37: 7tx3a943
A38: Temuri Partskhaladze | B38: SMC_3_Non_exchange_revenue | C38: SMC_4_Grant_expenses | AJ38: Yes, | AK38: yes | AL38: yes | AP38: yes | AQ38: yes | AR38: yes | BY38: Agree | BZ38: https://www.ifr4npo.org/cp-survey | CA38: 1yyj0y9t
A39: Getnet Haile | B39: SMC_1_Reporting_entity_and_control_including_branches_ | C39: SMC_2_NPOs_acting_on_behalf_of_other_entities | D39: SMC_5_Measurement_of_non_financial_assets_held_for_social_benefit | E39: SMC_6_Inventory_held_for_use_or_distribution | F39: SMC_7_Presentation_of_financial_statements_including_fund_accounting_ | G39: SMC_8_Classification_of_expenses_–_function_or_nature_ | AA39: Yes | AB39: I agree Generally with the alternatives. In our case there are exceptions: There are International NGOs which are branches from their respective headquarters perspectives. But the Ethiopian legal framework consider them as a reporting entity regardless of the extent of control exercised by their HQs. Regional government often requires financial reports from branches operating at their regions, while these branches do not have a separate legal entity. | AC39: Disadvantage of both (from Ethiopia context) is that there is a possibility where a branch of an international NPO may be considered as a non-reporting entity, while the branch office has a legal responsibility by law to present an an audited financial statement for the Ethiopia branch (country office). If local reporting jurisdictions should be indicated as a possible criteria to determine whether a branch is a reporting entity. | AD39: I am in favor of alternative 2 for practical reasons. However, the pragmatic criteria should include local definition (contexts). As indicated above, branches of an international NGO operating in Ethiopia is a reporting entity by law regardless of the extent of control by its Head Office. | AE39: Yes | AF39: Yes | AG39: I dont think the advantage indicated for alternative 2 is always correct. For some NPOs determining risks and rewards is not an easy task. In most of the NGOs operation, it is common to observe that both the principal and the agent enjoy the success stories (or bear the pains together) from the outcomes of the operation (or transaction). Difficult to determine the financial returns or risks.. | AH39: I am in favor of alternative one. The definition of control as per IFRS makes more sense; and risk and reward measurements are not workable for all NPOs. | AI39: I recommend to set a materiality threshold (in terms of percentage of the transaction that an NPO was acting behalf of other entities). The cost of reporting will be very high. It is common in developing countries where a local NGO would partnered with multiple donors, and also engaged in multiple consortium relationships. Some of the relationships may represent a small portion of the overall operation of the entity. Hence, to limit the reporting burden, a threshold must be defined in % of revenue or expenditure. A simplified disclosure requirement - just indicating the amount and the nature of the agency relationship.. | AT39: Yes | AU39: I wish a fifth alternative (Slightly close to alternative 3): Many NPOs used to follow the cash basis accounting and may not have records of their nonfinancial assets if they should adopt this standards. Hence, my recommended alternative is: Initial recognition (cost or fair value based on their preference, and from practical perspective as they may not have a cost data readily available for assets acquired before adoption - as a deemed Cost (as per IAS 16 / IPSAS 17). For those who have a cost data may choose cost model. For subsequent recognition, I recommend the Cost model | AV39: The difficulties of getting a historical data for both donated and purchased assets for those NPOs which used to follow the cash basis of accounting but with no fixed asset register or organized cost records should be noted as a disadvantage to the adoption of the cost method (adopting on the date of transition to IFR4NPO). | AW39: I think it is explained undrer 5(b) above | AX39: Yes I do. I think so. There are NPOs who have lands and buildings which are often not productive at full scale. Valuation of unproductive assets with a mere market value will inflate the assets. The value in use estimation is more expressive on the service potential of the assets | AY39: Yes | AZ39: Yes | BA39: Yes | BB39: Alternative 2 is more applicable for most of the NPOs in our case (Ethiopia). As inventories are available for distribution, a replacement cost is reasonable. I agree with the disadvantage of getting a replacement cost for donated inventory items, especially for special inventory items which are not widely marketed. | BC39: I agree in general, there are statutory disclosures required by civil societies supervising Agency: Examples are disclosure of the composition of Program and admin expenditures | BD39: I see a forth alternative with a blending of Alternative 1 (IFRS or IPSAS plus disclosure of reserves policy and in addition prepare supplementary und/project statements for material funds/projects. IFRS for SMEs is still with business oerientation and may not address most of the NGOs, though IFRS for SMEs works for some of the non-NGO NPOs. | BE39: In the analysis of this issue, presentation of budget information is not indicated. IPSAS 24 requires this report to be included as one of the financial statements if the reporting entity published its budget. It is good to discuss whether this should be a mandatory or optional as stated by IPSAS 24. | BF39: I Prefer alternative one, with presentation of unrestricted funds used for internal purpose. In our specific case, it is a must for NPOs (civil societies more specifically) to disclose the composition of their administration and program expenditure. Admin cost of civil societies(NGOs and others) should not exceed 20% of their annual revenue...Hence, donors are not the only key users of the financial statement of NPOs, but also regulatory bodies and their interest need to be addressed in the report. | BG39: I think the term "statement of financial performance" express better the message of the report than statement of "deficit and surplus". The intention of the NPOs to convey via the report is all about their performance, not the arithmetic of surplus or deficit. | BH39: Yes I do agree | BI39: Yes | BJ39: yes | BK39: I prefer Alternative 1. It is important to note the diverse nature of NPOs and the complexity of the management accounting involved within. NPOs produce interim reports (often monthly, quarterly and semi-annually) to their financiers or donors. The chart of accounts are often designed to meet the reporting requirements of donors. Some of the donors budget line items are often function oriented (output oriented) and might not align with the traditional classifications by nature or by function. The idea of comparability should be at a borader context than at detail expenditure level as the contexts between NPOs various unlike the differences observed within SMEs. Steamlining the chart of accounts and the reporting to meet the annual financial report while meeting the demanding donor reporting is a burden to many NPOs. Hence, the choice of reporting by nature or by function should be left to the NPOs. If anything users miss from the broader function or nature classfied report, additional disclosure indicated in the previous section (issue 7) will be complementary. the options allow the NPOs to choose the best one which can best fits to their management accounting reporting/and or donor reporting. | BL39: I think so | BM39: It may or may not depending on the context of the NPO. the inherent challenge is that some NPOs are operating across multiple heterogeneous sectors (example health, education, gender, agriculture, Wash etc..), cross cutting functions which makes it difficult to map a sound allocation of expenses by functions | BN39: The challenges are often comes from the determination of budget line items by donors. Some donors dictate the budget line items for grant agreements and would like to see actual performance reports in line with this budget line items. This budget line items might not be in line with the pattern of presentation by nature of by function. Any of the alternatives will not address this challenges. Large NPOs may address this with the use of better ERP or accounting software with the application of segments, classes or departments and able to get reports easily by function or nature without any additional efforts. In the absence of this, small NGOs exert much costly effort to report in line with the standard. | BY39: Agree | BZ39: https://www.ifr4npo.org/cp-survey | CA39: mk4v137o
A40: Karen Saxl | B40: SMC_0_Selection_of_NPO_Specific_Issues | C40: SMC_1_Reporting_entity_and_control_including_branches_ | D40: SMC_2_NPOs_acting_on_behalf_of_other_entities | E40: SMC_3_Non_exchange_revenue | F40: SMC_4_Grant_expenses | G40: SMC_5_Measurement_of_non_financial_assets_held_for_social_benefit | H40: SMC_6_Inventory_held_for_use_or_distribution | I40: SMC_7_Presentation_of_financial_statements_including_fund_accounting_ | J40: SMC_8_Classification_of_expenses_–_function_or_nature_ | K40: SMC_9_Fundraising_costs | L40: SMC_10_Narrative_reporting | X40: the distinction between grants and service contracts can be tricky at times, and could do with some guidance. Question: how do joint activities fit into Reporting Entity - NPOs acting together on campaigning activities is become much more common, at least in the UK - this doesn't really fit into 'acting on behalf of' | Z40: I think I would bring related parties forward into part one as it can be quite fundamental in relation to public benefit but I understand that it may be quite complex so would stick with it would delay the initial guidance. | AA40: Noted Joint Ventures are held over to part 2 of project. Probably okay. Observation: joint campaigning is becoming more prevalent in UK and this may be an increasing trend in other jurisdictions as well. | AD40: Personal preference would be for treatment alternative 2 as likely to be cheaper to develop. would query if this really rules out principles based approach - eg should specify if treatment not followed why an alternative has been chosen | AE40: Yes | AF40: yes | AG40: yes | AH40: Alternative treatment 2 - though I can't see a practical difference as listed between this and alternative treatment 2. The vast majority of NPOs are likely to fall into the category of SME | AJ40: yes | AK40: yes | AL40: yes | AM40: Preference would be for Alternative 1 | AN40: I think that the exceptions should be allowed for Alternative 1 - provided that the use is disclosed | AO40: Likely that audit thresholds would be affected by exclusion of goods in kind. Volunteers time is a difficult area. I'm not sure that including this should be allowed to affect audit thresholds, though there may be public interest requirements relating to numbers of volunteers - eg vetting procedures and safeguarding that aren't part of a finaicial audit. | AP40: Yes | AR40: yes | AS40: Preference is for Alternative 1. Partly because I'm not sure about the impact of IPSAS ED72 - sounds a bit as if it would require entities to look at how much of the grant has been used by grantee which seems to be overly complex. | AW40: Preference for alternative 1. Easier to understand, commonality with IFRS | AX40: Not sure - implies need for expert revaluations which has impact on compliance costs - conceptusally more difficult and not sure about materiality in decision making | BB40: Preference for alternative 1 - consistent with IFRS | BF40: Alternative 2 - provides an overview of extent to which organisation has complete control over funds and how they can be used | BG40: agree | BH40: Some government funders are starting to use analysis in accounts as a way of determining allowable overhead recovery. The choice of allocation and presentation can therefore affect recoverability - don't think this is adequately reflected in the discussion. | BK40: Alternative 1 - consistent with IFRS - but encourage inclusion of the other presentation in the notes. guidance to include broad categories for both nature and function and outline the main consistituents of both. | BL40: See answer to 8d) - I think there needs to be some allowance for local practice on the performance statement. | BM40: basis for allocation of support costs needs to be explained. Unfortunately there is a link to overhead recovery under grants in some situations | BN40: may be burdensome for smaller entities and may not be entirely relevant to them so may be a threshold below which only one presentation - based on local custom, is required. | BO40: There may be more drivers going in to the definition of fundraising costs and there may be an interaction with the way some international aid funds decide on allowable overheads that isn't reflected in the analysis. A common approach by funders and an approach that allowed full overhead recovery would be helpful. | BP40: One issue mentioned in the analysis was around business development - not sure that this is reflected in the alternative approaches - I don't recognise these costs appearing in the analysis given for alternative 3 | BS40: agree | BW40: For phase 1 I'd favour alternative 1 but may be moving to alternative 3 over time. However, moving is potentially expensive and an additional burden. | BY40: Agree | BZ40: https://www.ifr4npo.org/cp-survey | CA40: eswcor15
A41: Theresa Rodriguez-Mooide | B41: SMC_8_Classification_of_expenses_–_function_or_nature_ | C41: SMC_9_Fundraising_costs | BH41: Yes | BI41: Yes | BJ41: YEs | BO41: Yes | BP41: Yes | BQ41: YEs | BY41: Agree | BZ41: https://www.ifr4npo.org/cp-survey | CA41: 7jzzpdrt
A42: Ufulu Chungu | B42: SMC_8_Classification_of_expenses_–_function_or_nature_ | BH42: I agree to the classification | BI42: I agree to the list of alternative approaches | BJ42: I would like to highlight a further advantage of analyses of expenses by nature: There is readily available data to compare direct costs versus indirect costs | BK42: Expense analyses by NATURE, 1. Goes deeper showing particular organizational activities as cost drivers 2. Easier for smaller NPOs to account for their funds 3. Can easily assist establish the weight between Direct and indirect costs 4. Promotes accountability through the more detailed analyses of activities | BL42: Yes | BM42: No. The allocation by functions provides a much easier way to analyse expenses. The challenge is the less detailed analysis as compared to analysis by Nature | BN42: The challenge in applying Analysis by nature arise in the sense that the trial balance may be too long | BY42: Agree | BZ42: https://www.ifr4npo.org/cp-survey | CA42: q7l0ysl3
A43: Tracy LaCroix | B43: SMC_7_Presentation_of_financial_statements_including_fund_accounting_ | BC43: Yes | BD43: Yes | BE43: Yes | BF43: Alternative 2 provides necessary information without being overly onerous for the NPO | BG43: Yes | BY43: Agree | BZ43: https://www.ifr4npo.org/cp-survey | CA43: msczi885
A44: Nicaria O. Stewart | B44: SMC_3_Non_exchange_revenue | AJ44: I agree with the description of Issue 3. Being able to adequately recognize, measure and disclose non-exchange revenue transactions will be critical in the preparation of financial statements that are fair and true for the NPO. This inclusion of this information will better assist the users of the financial statements to understand how funds/services/assets received are recorded and used. | AK44: I agree the list of alternative treatments presented is exhaustive. The use of an existing standard as a base with additional NPO specific guidance may allow for better reference points in application of the proposed guideline. | AL44: The advantages and disadvantages articulated for each alternative is clear and concise and I agree with all. | AM44: I favour alternative 1 - Use recognition and measurement principles from the IFRS for SMEs Standard with additional NPO-specific guidance. I favour this alternative as the treatment of the non-exchange transaction is consistent with IFRS and IPSAS standards and will provide some consistency for Stakeholders. At this time, it may be beneficial to use these existing standards that provide guidance as a practical basis. This could mean that interpretations and relevant applicable guidance would be readily available to provide additional information to NPOs and further assist in the preparation of financial statements. However, I do recognize the limitations, and I would suggest the consideration of the introduction of exceptions to the requirements for gifts in-kind and could be based on some national standards, this should reduce the cost/benefit analysis issue that may be faced with the recognition and measurement of all gifts/services in kind. | AN44: Yes I do. This could prove useful to small NPOs with limited resources to recognize and measure gifts/services in-kind. | AO44: Impact on audit thresholds is a certainly a practical consideration. However, as audits are risk-based, transactions or amounts may be determined by the auditors, based on review of NPOs information, to be within the scope of the review in a particular period depending on particular events, conditions or circumstances. Reasonable application of the standard would be assessed and any departures evaluated. | BY44: Agree | BZ44: https://www.ifr4npo.org/cp-survey | CA44: b7a0t8pl
A45: Arup Kumar Pal | B45: SMC_4_Grant_expenses | C45: SMC_8_Classification_of_expenses_–_function_or_nature_ | D45: SMC_9_Fundraising_costs | AP45: Agree | AQ45: Agree | AR45: Aree | BH45: Agree | BI45: Agree | BJ45: Agree | BL45: Yes | BM45: Yes | BN45: No | BO45: Agree | BP45: Agree | BQ45: Agree | BS45: Agree | BY45: Agree | BZ45: https://www.ifr4npo.org/cp-survey | CA45: k7g0tlkv
A46: Nour Wati | B46: SMC_5_Measurement_of_non_financial_assets_held_for_social_benefit | C46: SMC_6_Inventory_held_for_use_or_distribution | D46: SMC_10_Narrative_reporting | BY46: Agree | BZ46: https://www.ifr4npo.org/cp-survey | CA46: 4d36wx4f
A47: Robert Kerr | BY47: Agree | BZ47: https://www.ifr4npo.org/cp-survey | CA47: 9bwjyqq6
A48: Katrian Clarke | B48: SMC_4_Grant_expenses | C48: SMC_7_Presentation_of_financial_statements_including_fund_accounting_ | D48: SMC_8_Classification_of_expenses_–_function_or_nature_ | E48: SMC_9_Fundraising_costs | F48: SMC_10_Narrative_reporting | AP48: yes I agree | AQ48: yes | AR48: yes | BC48: yes | BD48: yes | BE48: yes | BH48: yes | BI48: yes | BJ48: yes | BL48: yes | BY48: Agree | BZ48: https://www.ifr4npo.org/cp-survey | CA48: 5x62axhq
A49: Tie Kim | B49: SMC_0_Selection_of_NPO_Specific_Issues | C49: SMC_1_Reporting_entity_and_control_including_branches_ | D49: SMC_4_Grant_expenses | E49: SMC_7_Presentation_of_financial_statements_including_fund_accounting_ | F49: SMC_8_Classification_of_expenses_–_function_or_nature_ | G49: SMC_9_Fundraising_costs | H49: SMC_10_Narrative_reporting | X49: This is confusing. Where is the list of NPO-specific financial reporting issues? | BY49: Agree | BZ49: https://www.ifr4npo.org/cp-survey | CA49: 2en7v7ha
A50: Susan Lamunu Shereni | B50: SMC_6_Inventory_held_for_use_or_distribution | AY50: I agree | AZ50: I agree | BA50: Yes i agree | BY50: Agree | BZ50: https://www.ifr4npo.org/cp-survey | CA50: 7waykgpi
A51: Bernice Burton | B51: SMC_4_Grant_expenses | C51: SMC_7_Presentation_of_financial_statements_including_fund_accounting_ | AP51: The grant expense is recognized when the funds are disbursed | BC51: Yes, fund accounting is appropriate along with listing of line items and disclosures. | BY51: Agree | BZ51: https://www.ifr4npo.org/cp-survey | CA51: 03mlt51u
A52: Macrena Bennett | B52: SMC_4_Grant_expenses | AP52: Yes | AQ52: Yes | AR52: YES | BY52: Agree | BZ52: https://www.ifr4npo.org/cp-survey | CA52: ex59jh1d

Sheet List
C1: IFR4NPO Responses Consultation Paper Part 2 - Individuals
C2: To view a particular response, go to the orange response tab and type in a record number from this list.
B3: Name | C3: Name | D3: Country | E3: =CIPFA_IFR4NPO_CONSULTATIONPART2!X1 -> SMC_0_a | F3: =CIPFA_IFR4NPO_CONSULTATIONPART2!Y1 -> SMC_0_b | G3: =CIPFA_IFR4NPO_CONSULTATIONPART2!Z1 -> SMC_0_c | H3: =CIPFA_IFR4NPO_CONSULTATIONPART2!AA1 -> SMC_1_a | I3: =CIPFA_IFR4NPO_CONSULTATIONPART2!AB1 -> SMC_1_b | J3: =CIPFA_IFR4NPO_CONSULTATIONPART2!AC1 -> SMC_1_c | K3: =CIPFA_IFR4NPO_CONSULTATIONPART2!AD1 -> SMC_1_d | L3: =CIPFA_IFR4NPO_CONSULTATIONPART2!AE1 -> SMC_2_a | ... BE3: =CIPFA_IFR4NPO_CONSULTATIONPART2!BX1 -> SMC_10_e
A4: 1 | B4: =CIPFA_IFR4NPO_CONSULTATIONPART2!A2 -> Innocent Philips | C4: =B4 -> Innocent Philips | D4: Nigeria | E4: =CIPFA_IFR4NPO_CONSULTATIONPART2!X2 -> 0 | F4: =CIPFA_IFR4NPO_CONSULTATIONPART2!Y2 -> 0 | G4: =CIPFA_IFR4NPO_CONSULTATIONPART2!Z2 -> 0 | H4: =CIPFA_IFR4NPO_CONSULTATIONPART2!AA2 -> 0 | I4: =CIPFA_IFR4NPO_CONSULTATIONPART2!AB2 -> 0 | J4: =CIPFA_IFR4NPO_CONSULTATIONPART2!AC2 -> 0 | K4: =CIPFA_IFR4NPO_CONSULTATIONPART2!AD2 -> 0 | L4: =CIPFA_IFR4NPO_CONSULTATIONPART2!AE2 -> 0 | ... BE4: =CIPFA_IFR4NPO_CONSULTATIONPART2!BX2 -> 0
A5: 2 | B5: =CIPFA_IFR4NPO_CONSULTATIONPART2!A4 -> CPA Naftal Nyariki | C5: Naftal Nyariki | D5: Kenya | E5: =CIPFA_IFR4NPO_CONSULTATIONPART2!X4 -> 0 | F5: =CIPFA_IFR4NPO_CONSULTATIONPART2!Y4 -> 0 | G5: =CIPFA_IFR4NPO_CONSULTATIONPART2!Z4 -> 0 | H5: =CIPFA_IFR4NPO_CONSULTATIONPART2!AA4 -> 0 | I5: =CIPFA_IFR4NPO_CONSULTATIONPART2!AB4 -> 0 | J5: =CIPFA_IFR4NPO_CONSULTATIONPART2!AC4 -> 0 | K5: =CIPFA_IFR4NPO_CONSULTATIONPART2!AD4 -> 0 | L5: =CIPFA_IFR4NPO_CONSULTATIONPART2!AE4 -> 0 | ... BE5: =CIPFA_IFR4NPO_CONSULTATIONPART2!BX4 -> 0
A6: 3 | B6: =CIPFA_IFR4NPO_CONSULTATIONPART2!A5 -> Gibson Runesu | C6: =B6 -> Gibson Runesu | D6: Zimbabwe | E6: =CIPFA_IFR4NPO_CONSULTATIONPART2!X5 -> 0 | F6: =CIPFA_IFR4NPO_CONSULTATIONPART2!Y5 -> 0 | G6: =CIPFA_IFR4NPO_CONSULTATIONPART2!Z5 -> 0 | H6: =CIPFA_IFR4NPO_CONSULTATIONPART2!AA5 -> 0 | I6: =CIPFA_IFR4NPO_CONSULTATIONPART2!AB5 -> 0 | J6: =CIPFA_IFR4NPO_CONSULTATIONPART2!AC5 -> 0 | K6: =CIPFA_IFR4NPO_CONSULTATIONPART2!AD5 -> 0 | L6: =CIPFA_IFR4NPO_CONSULTATIONPART2!AE5 -> I agree | ... BE6: =CIPFA_IFR4NPO_CONSULTATIONPART2!BX5 -> Yes so that the reports maybe comparable and capturing all key issues to be reported
A7: 4 | B7: =CIPFA_IFR4NPO_CONSULTATIONPART2!A6 -> Jayshree | C7: Jayshree Dhabaria | D7: India | E7: =CIPFA_IFR4NPO_CONSULTATIONPART2!X6 -> Yes | F7: =CIPFA_IFR4NPO_CONSULTATIONPART2!Y6 -> Yes | G7: =CIPFA_IFR4NPO_CONSULTATIONPART2!Z6 -> Yes | H7: =CIPFA_IFR4NPO_CONSULTATIONPART2!AA6 -> 0 | I7: =CIPFA_IFR4NPO_CONSULTATIONPART2!AB6 -> 0 | J7: =CIPFA_IFR4NPO_CONSULTATIONPART2!AC6 -> 0 | K7: =CIPFA_IFR4NPO_CONSULTATIONPART2!AD6 -> 0 | L7: =CIPFA_IFR4NPO_CONSULTATIONPART2!AE6 -> 0 | ... BE7: =CIPFA_IFR4NPO_CONSULTATIONPART2!BX6 -> 0
A8: 5 | B8: =CIPFA_IFR4NPO_CONSULTATIONPART2!A7 -> Pierre Baptiste Joseph DOUMBIA | C8: Pierre Baptiste Joseph Doumbia | D8: France | E8: =CIPFA_IFR4NPO_CONSULTATIONPART2!X7 -> 0 | F8: =CIPFA_IFR4NPO_CONSULTATIONPART2!Y7 -> 0 | G8: =CIPFA_IFR4NPO_CONSULTATIONPART2!Z7 -> 0 | H8: =CIPFA_IFR4NPO_CONSULTATIONPART2!AA7 -> 0 | I8: =CIPFA_IFR4NPO_CONSULTATIONPART2!AB7 -> 0 | J8: =CIPFA_IFR4NPO_CONSULTATIONPART2!AC7 -> 0 | K8: =CIPFA_IFR4NPO_CONSULTATIONPART2!AD7 -> 0 | L8: =CIPFA_IFR4NPO_CONSULTATIONPART2!AE7 -> 0 | ... BE8: =CIPFA_IFR4NPO_CONSULTATIONPART2!BX7 -> 0
A9: 6 | B9: =CIPFA_IFR4NPO_CONSULTATIONPART2!A8 -> Mark Jerome | C9: =B9 -> Mark Jerome | D9: South Korea | E9: =CIPFA_IFR4NPO_CONSULTATIONPART2!X8 -> 0 | F9: =CIPFA_IFR4NPO_CONSULTATIONPART2!Y8 -> 0 | G9: =CIPFA_IFR4NPO_CONSULTATIONPART2!Z8 -> 0 | H9: =CIPFA_IFR4NPO_CONSULTATIONPART2!AA8 -> Yes | I9: =CIPFA_IFR4NPO_CONSULTATIONPART2!AB8 -> I have difficulty in identifying the difference between the two alternatives: assessing the power to govern financial and operating policies to define control (in Alternative 2) seems to be a significant part of the principles-based approach of substance over form (in Alternative 1). I would present Alternative 2 as an example of how Alternative 1 may be applied in practice. | J9: =CIPFA_IFR4NPO_CONSULTATIONPART2!AC8 -> See comment at SMC 1(a) above | K9: =CIPFA_IFR4NPO_CONSULTATIONPART2!AD8 -> See comment at SMC 1(a) above - I am in favour of the principles-based approach of substance over form, and would use Alternative 2 as an example of how that may be applied in practice. | L9: =CIPFA_IFR4NPO_CONSULTATIONPART2!AE8 -> 0 | ... BE9: =CIPFA_IFR4NPO_CONSULTATIONPART2!BX8 -> Yes - I agree
A10: 7 | B10: =CIPFA_IFR4NPO_CONSULTATIONPART2!A9 -> Bev Bolton | C10: =B10 -> Bev Bolton | D10: Australia | E10: =CIPFA_IFR4NPO_CONSULTATIONPART2!X9 -> yes | F10: =CIPFA_IFR4NPO_CONSULTATIONPART2!Y9 -> yes | G10: =CIPFA_IFR4NPO_CONSULTATIONPART2!Z9 -> yes | H10: =CIPFA_IFR4NPO_CONSULTATIONPART2!AA9 -> yes | I10: =CIPFA_IFR4NPO_CONSULTATIONPART2!AB9 -> yes | J10: =CIPFA_IFR4NPO_CONSULTATIONPART2!AC9 -> yes | K10: =CIPFA_IFR4NPO_CONSULTATIONPART2!AD9 -> Alternative 2 due to ease of application. Smaller NPOs could face cost and time demands to meet Alternative 1 - unless there was the ability to have tiered requirements? | L10: =CIPFA_IFR4NPO_CONSULTATIONPART2!AE9 -> 0 | ... BE10: =CIPFA_IFR4NPO_CONSULTATIONPART2!BX9 -> yes
A11: 8 | B11: =CIPFA_IFR4NPO_CONSULTATIONPART2!A10 -> Caroline Kariuki | C11: =B11 -> Caroline Kariuki | D11: Kenya | E11: =CIPFA_IFR4NPO_CONSULTATIONPART2!X10 -> 0 | F11: =CIPFA_IFR4NPO_CONSULTATIONPART2!Y10 -> 0 | G11: =CIPFA_IFR4NPO_CONSULTATIONPART2!Z10 -> 0 | H11: =CIPFA_IFR4NPO_CONSULTATIONPART2!AA10 -> 0 | I11: =CIPFA_IFR4NPO_CONSULTATIONPART2!AB10 -> 0 | J11: =CIPFA_IFR4NPO_CONSULTATIONPART2!AC10 -> 0 | K11: =CIPFA_IFR4NPO_CONSULTATIONPART2!AD10 -> 0 | L11: =CIPFA_IFR4NPO_CONSULTATIONPART2!AE10 -> 0 | ... BE11: =CIPFA_IFR4NPO_CONSULTATIONPART2!BX10 -> 0
A12: 9 | B12: =CIPFA_IFR4NPO_CONSULTATIONPART2!A13 -> Neha Kaushik | C12: =B12 -> Neha Kaushik | D12: India | E12: =CIPFA_IFR4NPO_CONSULTATIONPART2!X13 -> 0 | F12: =CIPFA_IFR4NPO_CONSULTATIONPART2!Y13 -> 0 | G12: =CIPFA_IFR4NPO_CONSULTATIONPART2!Z13 -> 0 | H12: =CIPFA_IFR4NPO_CONSULTATIONPART2!AA13 -> 0 | I12: =CIPFA_IFR4NPO_CONSULTATIONPART2!AB13 -> 0 | J12: =CIPFA_IFR4NPO_CONSULTATIONPART2!AC13 -> 0 | K12: =CIPFA_IFR4NPO_CONSULTATIONPART2!AD13 -> 0 | L12: =CIPFA_IFR4NPO_CONSULTATIONPART2!AE13 -> 0 | ... BE12: =CIPFA_IFR4NPO_CONSULTATIONPART2!BX13 -> 0
A13: 10 | B13: =CIPFA_IFR4NPO_CONSULTATIONPART2!A14 -> David Wortham | C13: =B13 -> David Wortham | D13: UK | E13: =CIPFA_IFR4NPO_CONSULTATIONPART2!X14 -> 0 | F13: =CIPFA_IFR4NPO_CONSULTATIONPART2!Y14 -> 0 | G13: =CIPFA_IFR4NPO_CONSULTATIONPART2!Z14 -> 0 | H13: =CIPFA_IFR4NPO_CONSULTATIONPART2!AA14 -> 0 | I13: =CIPFA_IFR4NPO_CONSULTATIONPART2!AB14 -> 0 | J13: =CIPFA_IFR4NPO_CONSULTATIONPART2!AC14 -> 0 | K13: =CIPFA_IFR4NPO_CONSULTATIONPART2!AD14 -> 0 | L13: =CIPFA_IFR4NPO_CONSULTATIONPART2!AE14 -> 0 | ... BE13: =CIPFA_IFR4NPO_CONSULTATIONPART2!BX14 -> My biggest concern is that we could be creating risks without thinking. What about the risk of disclosing details of controversial activities in oppressive states. If information, especially narrative reporting, reveals evidence of illegal/repressed activities (either overtly or by clear omission) then the organisation or project could be shut down and NPO employees, their auditors and others could be in personal danger. If some sort of exemption is granted how can it be defined? How can it be used without disclosure (that would itself be evidence of such activities)? If this is justification for an exception, can other claims for exceptions be denied? What then for an international standard?
A14: 11 | B14: =CIPFA_IFR4NPO_CONSULTATIONPART2!A15 -> Raúl Yñarra | C14: =B14 -> Raúl Yñarra | D14: Argentina | E14: =CIPFA_IFR4NPO_CONSULTATIONPART2!X15 -> 0 | F14: =CIPFA_IFR4NPO_CONSULTATIONPART2!Y15 -> 0 | G14: =CIPFA_IFR4NPO_CONSULTATIONPART2!Z15 -> 0 | H14: =CIPFA_IFR4NPO_CONSULTATIONPART2!AA15 -> YES | I14: =CIPFA_IFR4NPO_CONSULTATIONPART2!AB15 -> YES | J14: =CIPFA_IFR4NPO_CONSULTATIONPART2!AC15 -> YEs | K14: =CIPFA_IFR4NPO_CONSULTATIONPART2!AD15 -> 0 | L14: =CIPFA_IFR4NPO_CONSULTATIONPART2!AE15 -> 0 | ... BE14: =CIPFA_IFR4NPO_CONSULTATIONPART2!BX15 -> YES
A15: 12 | B15: =CIPFA_IFR4NPO_CONSULTATIONPART2!A16 -> Dumaria | C15: Dumaria Pohan | D15: Indonesia | E15: =CIPFA_IFR4NPO_CONSULTATIONPART2!X16 -> 0 | F15: =CIPFA_IFR4NPO_CONSULTATIONPART2!Y16 -> 0 | G15: =CIPFA_IFR4NPO_CONSULTATIONPART2!Z16 -> 0 | H15: =CIPFA_IFR4NPO_CONSULTATIONPART2!AA16 -> 0 | I15: =CIPFA_IFR4NPO_CONSULTATIONPART2!AB16 -> 0 | J15: =CIPFA_IFR4NPO_CONSULTATIONPART2!AC16 -> 0 | K15: =CIPFA_IFR4NPO_CONSULTATIONPART2!AD16 -> 0 | L15: =CIPFA_IFR4NPO_CONSULTATIONPART2!AE16 -> 0 | ... BE15: =CIPFA_IFR4NPO_CONSULTATIONPART2!BX16 -> 0
A16: 13 | B16: =CIPFA_IFR4NPO_CONSULTATIONPART2!A17 -> Marina Ter-Sargsyan | C16: =B16 -> Marina Ter-Sargsyan | D16: USA | E16: =CIPFA_IFR4NPO_CONSULTATIONPART2!X17 -> 0 | F16: =CIPFA_IFR4NPO_CONSULTATIONPART2!Y17 -> 0 | G16: =CIPFA_IFR4NPO_CONSULTATIONPART2!Z17 -> 0 | H16: =CIPFA_IFR4NPO_CONSULTATIONPART2!AA17 -> 0 | I16: =CIPFA_IFR4NPO_CONSULTATIONPART2!AB17 -> 0 | J16: =CIPFA_IFR4NPO_CONSULTATIONPART2!AC17 -> 0 | K16: =CIPFA_IFR4NPO_CONSULTATIONPART2!AD17 -> 0 | L16: =CIPFA_IFR4NPO_CONSULTATIONPART2!AE17 -> 0 | ... BE16: =CIPFA_IFR4NPO_CONSULTATIONPART2!BX17 -> 0
A17: 14 | B17: =CIPFA_IFR4NPO_CONSULTATIONPART2!A18 -> JONATHAN PRINCE CANN | C17: Jonathan Prince Cann | D17: Ghana | E17: =CIPFA_IFR4NPO_CONSULTATIONPART2!X18 -> 0 | F17: =CIPFA_IFR4NPO_CONSULTATIONPART2!Y18 -> 0 | G17: =CIPFA_IFR4NPO_CONSULTATIONPART2!Z18 -> 0 | H17: =CIPFA_IFR4NPO_CONSULTATIONPART2!AA18 -> 0 | I17: =CIPFA_IFR4NPO_CONSULTATIONPART2!AB18 -> 0 | J17: =CIPFA_IFR4NPO_CONSULTATIONPART2!AC18 -> 0 | K17: =CIPFA_IFR4NPO_CONSULTATIONPART2!AD18 -> 0 | L17: =CIPFA_IFR4NPO_CONSULTATIONPART2!AE18 -> 0 | ... BE17: =CIPFA_IFR4NPO_CONSULTATIONPART2!BX18 -> 0
A18: 15 | B18: =CIPFA_IFR4NPO_CONSULTATIONPART2!A19 -> Rafat Bandak | C18: =B18 -> Rafat Bandak | D18: Palestine | E18: =CIPFA_IFR4NPO_CONSULTATIONPART2!X19 -> Additional issue is the exchange rates between the grant received in currency and the spending in other currency. | F18: =CIPFA_IFR4NPO_CONSULTATIONPART2!Y19 -> The issue is that donors specify exchange rates that is different than the exchange rates used in the accounting system which make currency exchange loss. | G18: =CIPFA_IFR4NPO_CONSULTATIONPART2!Z19 -> I suggest to add the exchange rates for grants and if possible to report exchange loss or gain part of the reporting. | H18: =CIPFA_IFR4NPO_CONSULTATIONPART2!AA19 -> Yes, I agree. | I18: =CIPFA_IFR4NPO_CONSULTATIONPART2!AB19 -> Yes, I agree. | J18: =CIPFA_IFR4NPO_CONSULTATIONPART2!AC19 -> Yes, I agree. | K18: =CIPFA_IFR4NPO_CONSULTATIONPART2!AD19 -> 0 | L18: =CIPFA_IFR4NPO_CONSULTATIONPART2!AE19 -> 0 | ... BE18: =CIPFA_IFR4NPO_CONSULTATIONPART2!BX19 -> I recommend the specific reporting requirements to support the financial report.
A19: 16 | B19: =CIPFA_IFR4NPO_CONSULTATIONPART2!A20 -> Sofya Konstantinova | C19: =B19 -> Sofya Konstantinova | D19: Russia | E19: =CIPFA_IFR4NPO_CONSULTATIONPART2!X20 -> yes | F19: =CIPFA_IFR4NPO_CONSULTATIONPART2!Y20 -> yes | G19: =CIPFA_IFR4NPO_CONSULTATIONPART2!Z20 -> yes | H19: =CIPFA_IFR4NPO_CONSULTATIONPART2!AA20 -> 0 | I19: =CIPFA_IFR4NPO_CONSULTATIONPART2!AB20 -> 0 | J19: =CIPFA_IFR4NPO_CONSULTATIONPART2!AC20 -> 0 | K19: =CIPFA_IFR4NPO_CONSULTATIONPART2!AD20 -> 0 | L19: =CIPFA_IFR4NPO_CONSULTATIONPART2!AE20 -> 0 | ... BE19: =CIPFA_IFR4NPO_CONSULTATIONPART2!BX20 -> yes
A20: 17 | B20: =CIPFA_IFR4NPO_CONSULTATIONPART2!A25 -> Leslie Williams | C20: =B20 -> Leslie Williams | D20: Sierra Leone | E20: =CIPFA_IFR4NPO_CONSULTATIONPART2!X25 -> Yes | F20: =CIPFA_IFR4NPO_CONSULTATIONPART2!Y25 -> I agree | G20: =CIPFA_IFR4NPO_CONSULTATIONPART2!Z25 -> I do agree with all the topics, I feel the meet the issues that border around NPOS | H20: =CIPFA_IFR4NPO_CONSULTATIONPART2!AA25 -> Yes I do agree | I20: =CIPFA_IFR4NPO_CONSULTATIONPART2!AB25 -> Yes I do agree that the list is exhaustive | J20: =CIPFA_IFR4NPO_CONSULTATIONPART2!AC25 -> Yes I do | K20: =CIPFA_IFR4NPO_CONSULTATIONPART2!AD25 -> I favour alternative 1, giving that the other alternatives seem to come back to the concept outlined in alternative 1 | L20: =CIPFA_IFR4NPO_CONSULTATIONPART2!AE25 -> 0 | ... BE20: =CIPFA_IFR4NPO_CONSULTATIONPART2!BX25 -> I agree that narrative reporting guidance should be set at the level of a framework and principles
A21: 18 | B21: =CIPFA_IFR4NPO_CONSULTATIONPART2!A26 -> Edmond Vanderpuye | C21: =B21 -> Edmond Vanderpuye | D21: Ghana | E21: =CIPFA_IFR4NPO_CONSULTATIONPART2!X26 -> I agree with the issues selected for consideration in Part 2 of the consultation. They reflect the generality of financial reporting for NPOs. | F21: =CIPFA_IFR4NPO_CONSULTATIONPART2!Y26 -> In my view the criteria used to evaluate the issues have been thoroughly considered and discussed., | G21: =CIPFA_IFR4NPO_CONSULTATIONPART2!Z26 -> Yes i am in agreement with the topics prioritized in the consultation paper . | H21: =CIPFA_IFR4NPO_CONSULTATIONPART2!AA26 -> In our organization, even though all the entities are separately registered and have autonomy, funding arrangements based government requirements for example in Canada raises the issue of direction and control of the entity registered in Canada partnering with another entity in a different country. Some of these dynamics aware not covered in the consultation paper. | I21: =CIPFA_IFR4NPO_CONSULTATIONPART2!AB26 -> Broadly I agree with the list of alternative treatments discussed in the consultation paper. | J21: =CIPFA_IFR4NPO_CONSULTATIONPART2!AC26 -> I am in agreement with the advantages and disadvantages articulated. | K21: =CIPFA_IFR4NPO_CONSULTATIONPART2!AD26 -> I prefer alternative treatment 2 based on the listed advantages which in my view outweigh the disadvantages. | L21: =CIPFA_IFR4NPO_CONSULTATIONPART2!AE26 -> 0 | ... BE21: =CIPFA_IFR4NPO_CONSULTATIONPART2!BX26 -> Because of the diverse nature of NPOs and the activities they can engage in, it stands to reason a better approach will be to look at the issue from a framework and principles perspective than a specific reporting requirement.
A22: 19 | B22: =CIPFA_IFR4NPO_CONSULTATIONPART2!A27 -> Wilfred | C22: Wilfred Kimeu | D22: Kenya | E22: =CIPFA_IFR4NPO_CONSULTATIONPART2!X27 -> 0 | F22: =CIPFA_IFR4NPO_CONSULTATIONPART2!Y27 -> 0 | G22: =CIPFA_IFR4NPO_CONSULTATIONPART2!Z27 -> 0 | H22: =CIPFA_IFR4NPO_CONSULTATIONPART2!AA27 -> 0 | I22: =CIPFA_IFR4NPO_CONSULTATIONPART2!AB27 -> 0 | J22: =CIPFA_IFR4NPO_CONSULTATIONPART2!AC27 -> 0 | K22: =CIPFA_IFR4NPO_CONSULTATIONPART2!AD27 -> 0 | L22: =CIPFA_IFR4NPO_CONSULTATIONPART2!AE27 -> Yes I agree | ... BE22: =CIPFA_IFR4NPO_CONSULTATIONPART2!BX27 -> I agree
A23: 20 | B23: =CIPFA_IFR4NPO_CONSULTATIONPART2!A28 -> Aliyu Shehu,ACA | C23: Aliyu Shehu | D23: Nigeria | E23: =CIPFA_IFR4NPO_CONSULTATIONPART2!X28 -> 0 | F23: =CIPFA_IFR4NPO_CONSULTATIONPART2!Y28 -> 0 | G23: =CIPFA_IFR4NPO_CONSULTATIONPART2!Z28 -> 0 | H23: =CIPFA_IFR4NPO_CONSULTATIONPART2!AA28 -> 0 | I23: =CIPFA_IFR4NPO_CONSULTATIONPART2!AB28 -> 0 | J23: =CIPFA_IFR4NPO_CONSULTATIONPART2!AC28 -> 0 | K23: =CIPFA_IFR4NPO_CONSULTATIONPART2!AD28 -> 0 | L23: =CIPFA_IFR4NPO_CONSULTATIONPART2!AE28 -> 0 | ... BE23: =CIPFA_IFR4NPO_CONSULTATIONPART2!BX28 -> 0
A24: 21 | B24: =CIPFA_IFR4NPO_CONSULTATIONPART2!A30 -> Gleice Sanches | C24: =B24 -> Gleice Sanches | D24: Brazil | E24: =CIPFA_IFR4NPO_CONSULTATIONPART2!X30 -> 0 | F24: =CIPFA_IFR4NPO_CONSULTATIONPART2!Y30 -> 0 | G24: =CIPFA_IFR4NPO_CONSULTATIONPART2!Z30 -> 0 | H24: =CIPFA_IFR4NPO_CONSULTATIONPART2!AA30 -> 0 | I24: =CIPFA_IFR4NPO_CONSULTATIONPART2!AB30 -> 0 | J24: =CIPFA_IFR4NPO_CONSULTATIONPART2!AC30 -> 0 | K24: =CIPFA_IFR4NPO_CONSULTATIONPART2!AD30 -> 0 | L24: =CIPFA_IFR4NPO_CONSULTATIONPART2!AE30 -> 0 | ... BE24: =CIPFA_IFR4NPO_CONSULTATIONPART2!BX30 -> 0
A25: 22 | B25: =CIPFA_IFR4NPO_CONSULTATIONPART2!A31 -> Awolusi Temitope | C25: =B25 -> Awolusi Temitope | D25: Nigeria | E25: =CIPFA_IFR4NPO_CONSULTATIONPART2!X31 -> 0 | F25: =CIPFA_IFR4NPO_CONSULTATIONPART2!Y31 -> 0 | G25: =CIPFA_IFR4NPO_CONSULTATIONPART2!Z31 -> 0 | H25: =CIPFA_IFR4NPO_CONSULTATIONPART2!AA31 -> 0 | I25: =CIPFA_IFR4NPO_CONSULTATIONPART2!AB31 -> 0 | J25: =CIPFA_IFR4NPO_CONSULTATIONPART2!AC31 -> 0 | K25: =CIPFA_IFR4NPO_CONSULTATIONPART2!AD31 -> 0 | L25: =CIPFA_IFR4NPO_CONSULTATIONPART2!AE31 -> 0 | ... BE25: =CIPFA_IFR4NPO_CONSULTATIONPART2!BX31 -> 0
A26: 23 | B26: =CIPFA_IFR4NPO_CONSULTATIONPART2!A32 -> William Mufuka | C26: =B26 -> William Mufuka | D26: Zimbabwe | E26: =CIPFA_IFR4NPO_CONSULTATIONPART2!X32 -> 0 | F26: =CIPFA_IFR4NPO_CONSULTATIONPART2!Y32 -> 0 | G26: =CIPFA_IFR4NPO_CONSULTATIONPART2!Z32 -> 0 | H26: =CIPFA_IFR4NPO_CONSULTATIONPART2!AA32 -> 0 | I26: =CIPFA_IFR4NPO_CONSULTATIONPART2!AB32 -> 0 | J26: =CIPFA_IFR4NPO_CONSULTATIONPART2!AC32 -> 0 | K26: =CIPFA_IFR4NPO_CONSULTATIONPART2!AD32 -> 0 | L26: =CIPFA_IFR4NPO_CONSULTATIONPART2!AE32 -> 0 | ... BE26: =CIPFA_IFR4NPO_CONSULTATIONPART2!BX32 -> 0
A27: 24 | B27: =CIPFA_IFR4NPO_CONSULTATIONPART2!A33 -> Francis Mba | C27: =B27 -> Francis Mba | D27: Nigeria | E27: =CIPFA_IFR4NPO_CONSULTATIONPART2!X33 -> 0 | F27: =CIPFA_IFR4NPO_CONSULTATIONPART2!Y33 -> 0 | G27: =CIPFA_IFR4NPO_CONSULTATIONPART2!Z33 -> 0 | H27: =CIPFA_IFR4NPO_CONSULTATIONPART2!AA33 -> 0 | I27: =CIPFA_IFR4NPO_CONSULTATIONPART2!AB33 -> In cases where a branch is financially independent but legally depend on an NGO should there be consolidation of the accounts? | J27: =CIPFA_IFR4NPO_CONSULTATIONPART2!AC33 -> 0 | K27: =CIPFA_IFR4NPO_CONSULTATIONPART2!AD33 -> 0 | L27: =CIPFA_IFR4NPO_CONSULTATIONPART2!AE33 -> 0 | ... BE27: =CIPFA_IFR4NPO_CONSULTATIONPART2!BX33 -> 0
A28: 25 | B28: =CIPFA_IFR4NPO_CONSULTATIONPART2!A34 -> Brian Seaton | C28: =B28 -> Brian Seaton | D28: UK | E28: =CIPFA_IFR4NPO_CONSULTATIONPART2!X34 -> 0 | F28: =CIPFA_IFR4NPO_CONSULTATIONPART2!Y34 -> 0 | G28: =CIPFA_IFR4NPO_CONSULTATIONPART2!Z34 -> 0 | H28: =CIPFA_IFR4NPO_CONSULTATIONPART2!AA34 -> 0 | I28: =CIPFA_IFR4NPO_CONSULTATIONPART2!AB34 -> 0 | J28: =CIPFA_IFR4NPO_CONSULTATIONPART2!AC34 -> 0 | K28: =CIPFA_IFR4NPO_CONSULTATIONPART2!AD34 -> 0 | L28: =CIPFA_IFR4NPO_CONSULTATIONPART2!AE34 -> 0 | ... BE28: =CIPFA_IFR4NPO_CONSULTATIONPART2!BX34 -> Answers to the above summarised in my initial response on this topic.
A29: 26 | B29: =CIPFA_IFR4NPO_CONSULTATIONPART2!A35 -> Rosalin Hinga | C29: =B29 -> Rosalin Hinga | D29: Kenya | E29: =CIPFA_IFR4NPO_CONSULTATIONPART2!X35 -> 0 | F29: =CIPFA_IFR4NPO_CONSULTATIONPART2!Y35 -> 0 | G29: =CIPFA_IFR4NPO_CONSULTATIONPART2!Z35 -> 0 | H29: =CIPFA_IFR4NPO_CONSULTATIONPART2!AA35 -> 0 | I29: =CIPFA_IFR4NPO_CONSULTATIONPART2!AB35 -> 0 | J29: =CIPFA_IFR4NPO_CONSULTATIONPART2!AC35 -> 0 | K29: =CIPFA_IFR4NPO_CONSULTATIONPART2!AD35 -> 0 | L29: =CIPFA_IFR4NPO_CONSULTATIONPART2!AE35 -> 0 | ... BE29: =CIPFA_IFR4NPO_CONSULTATIONPART2!BX35 -> 0
A30: 27 | B30: =CIPFA_IFR4NPO_CONSULTATIONPART2!A36 -> Diro Tafa | C30: =B30 -> Diro Tafa | D30: Ethiopia | E30: =CIPFA_IFR4NPO_CONSULTATIONPART2!X36 -> 0 | F30: =CIPFA_IFR4NPO_CONSULTATIONPART2!Y36 -> 0 | G30: =CIPFA_IFR4NPO_CONSULTATIONPART2!Z36 -> 0 | H30: =CIPFA_IFR4NPO_CONSULTATIONPART2!AA36 -> yes | I30: =CIPFA_IFR4NPO_CONSULTATIONPART2!AB36 -> yes | J30: =CIPFA_IFR4NPO_CONSULTATIONPART2!AC36 -> yes | K30: =CIPFA_IFR4NPO_CONSULTATIONPART2!AD36 -> 0 | L30: =CIPFA_IFR4NPO_CONSULTATIONPART2!AE36 -> yes | ... BE30: =CIPFA_IFR4NPO_CONSULTATIONPART2!BX36 -> 0
A31: 28 | B31: =CIPFA_IFR4NPO_CONSULTATIONPART2!A37 -> Meti Busha | C31: =B31 -> Meti Busha | D31: Ethiopia | E31: =CIPFA_IFR4NPO_CONSULTATIONPART2!X37 -> 0 | F31: =CIPFA_IFR4NPO_CONSULTATIONPART2!Y37 -> 0 | G31: =CIPFA_IFR4NPO_CONSULTATIONPART2!Z37 -> 0 | H31: =CIPFA_IFR4NPO_CONSULTATIONPART2!AA37 -> 0 | I31: =CIPFA_IFR4NPO_CONSULTATIONPART2!AB37 -> 0 | J31: =CIPFA_IFR4NPO_CONSULTATIONPART2!AC37 -> 0 | K31: =CIPFA_IFR4NPO_CONSULTATIONPART2!AD37 -> 0 | L31: =CIPFA_IFR4NPO_CONSULTATIONPART2!AE37 -> 0 | ... BE31: =CIPFA_IFR4NPO_CONSULTATIONPART2!BX37 -> 0
A32: 29 | B32: =CIPFA_IFR4NPO_CONSULTATIONPART2!A38 -> Temuri Partskhaladze | C32: =B32 -> Temuri Partskhaladze | D32: Georgia | E32: =CIPFA_IFR4NPO_CONSULTATIONPART2!X38 -> 0 | F32: =CIPFA_IFR4NPO_CONSULTATIONPART2!Y38 -> 0 | G32: =CIPFA_IFR4NPO_CONSULTATIONPART2!Z38 -> 0 | H32: =CIPFA_IFR4NPO_CONSULTATIONPART2!AA38 -> 0 | I32: =CIPFA_IFR4NPO_CONSULTATIONPART2!AB38 -> 0 | J32: =CIPFA_IFR4NPO_CONSULTATIONPART2!AC38 -> 0 | K32: =CIPFA_IFR4NPO_CONSULTATIONPART2!AD38 -> 0 | L32: =CIPFA_IFR4NPO_CONSULTATIONPART2!AE38 -> 0 | ... BE32: =CIPFA_IFR4NPO_CONSULTATIONPART2!BX38 -> 0
A33: 30 | B33: =CIPFA_IFR4NPO_CONSULTATIONPART2!A39 -> Getnet Haile | C33: =B33 -> Getnet Haile | D33: Ethiopia | E33: =CIPFA_IFR4NPO_CONSULTATIONPART2!X39 -> 0 | F33: =CIPFA_IFR4NPO_CONSULTATIONPART2!Y39 -> 0 | G33: =CIPFA_IFR4NPO_CONSULTATIONPART2!Z39 -> 0 | H33: =CIPFA_IFR4NPO_CONSULTATIONPART2!AA39 -> Yes | I33: =CIPFA_IFR4NPO_CONSULTATIONPART2!AB39 -> I agree Generally with the alternatives. In our case there are exceptions: There are International NGOs which are branches from their respective headquarters perspectives. But the Ethiopian legal framework consider them as a reporting entity regardless of the extent of control exercised by their HQs. Regional government often requires financial reports from branches operating at their regions, while these branches do not have a separate legal entity. | J33: =CIPFA_IFR4NPO_CONSULTATIONPART2!AC39 -> Disadvantage of both (from Ethiopia context) is that there is a possibility where a branch of an international NPO may be considered as a non-reporting entity, while the branch office has a legal responsibility by law to present an an audited financial statement for the Ethiopia branch (country office). If local reporting jurisdictions should be indicated as a possible criteria to determine whether a branch is a reporting entity. | K33: =CIPFA_IFR4NPO_CONSULTATIONPART2!AD39 -> I am in favor of alternative 2 for practical reasons. However, the pragmatic criteria should include local definition (contexts). As indicated above, branches of an international NGO operating in Ethiopia is a reporting entity by law regardless of the extent of control by its Head Office. | L33: =CIPFA_IFR4NPO_CONSULTATIONPART2!AE39 -> Yes | ... BE33: =CIPFA_IFR4NPO_CONSULTATIONPART2!BX39 -> 0
A34: 31 | B34: =CIPFA_IFR4NPO_CONSULTATIONPART2!A40 -> Karen Saxl | C34: =B34 -> Karen Saxl | D34: UK | E34: =CIPFA_IFR4NPO_CONSULTATIONPART2!X40 -> the distinction between grants and service contracts can be tricky at times, and could do with some guidance. Question: how do joint activities fit into Reporting Entity - NPOs acting together on campaigning activities is become much more common, at least in the UK - this doesn't really fit into 'acting on behalf of' | F34: =CIPFA_IFR4NPO_CONSULTATIONPART2!Y40 -> 0 | G34: =CIPFA_IFR4NPO_CONSULTATIONPART2!Z40 -> I think I would bring related parties forward into part one as it can be quite fundamental in relation to public benefit but I understand that it may be quite complex so would stick with it would delay the initial guidance. | H34: =CIPFA_IFR4NPO_CONSULTATIONPART2!AA40 -> Noted Joint Ventures are held over to part 2 of project. Probably okay. Observation: joint campaigning is becoming more prevalent in UK and this may be an increasing trend in other jurisdictions as well. | I34: =CIPFA_IFR4NPO_CONSULTATIONPART2!AB40 -> 0 | J34: =CIPFA_IFR4NPO_CONSULTATIONPART2!AC40 -> 0 | K34: =CIPFA_IFR4NPO_CONSULTATIONPART2!AD40 -> Personal preference would be for treatment alternative 2 as likely to be cheaper to develop. would query if this really rules out principles based approach - eg should specify if treatment not followed why an alternative has been chosen | L34: =CIPFA_IFR4NPO_CONSULTATIONPART2!AE40 -> Yes | ... BE34: =CIPFA_IFR4NPO_CONSULTATIONPART2!BX40 -> 0
A35: 32 | B35: =CIPFA_IFR4NPO_CONSULTATIONPART2!A41 -> Theresa Rodriguez-Mooide | C35: =B35 -> Theresa Rodriguez-Mooide | D35: Jamaica | E35: =CIPFA_IFR4NPO_CONSULTATIONPART2!X41 -> 0 | F35: =CIPFA_IFR4NPO_CONSULTATIONPART2!Y41 -> 0 | G35: =CIPFA_IFR4NPO_CONSULTATIONPART2!Z41 -> 0 | H35: =CIPFA_IFR4NPO_CONSULTATIONPART2!AA41 -> 0 | I35: =CIPFA_IFR4NPO_CONSULTATIONPART2!AB41 -> 0 | J35: =CIPFA_IFR4NPO_CONSULTATIONPART2!AC41 -> 0 | K35: =CIPFA_IFR4NPO_CONSULTATIONPART2!AD41 -> 0 | L35: =CIPFA_IFR4NPO_CONSULTATIONPART2!AE41 -> 0 | ... BE35: =CIPFA_IFR4NPO_CONSULTATIONPART2!BX41 -> 0
... A44: 41 | B44: =CIPFA_IFR4NPO_CONSULTATIONPART2!A50 -> Susan Lamunu Shereni | C44: =B44 -> Susan Lamunu Shereni | D44: Uganda | E44: =CIPFA_IFR4NPO_CONSULTATIONPART2!X50 -> 0 | F44: =CIPFA_IFR4NPO_CONSULTATIONPART2!Y50 -> 0 | G44: =CIPFA_IFR4NPO_CONSULTATIONPART2!Z50 -> 0 | H44: =CIPFA_IFR4NPO_CONSULTATIONPART2!AA50 -> 0 | I44: =CIPFA_IFR4NPO_CONSULTATIONPART2!AB50 -> 0 | J44: =CIPFA_IFR4NPO_CONSULTATIONPART2!AC50 -> 0 | K44: =CIPFA_IFR4NPO_CONSULTATIONPART2!AD50 -> 0 | L44: =CIPFA_IFR4NPO_CONSULTATIONPART2!AE50 -> 0 | ... BE44: =CIPFA_IFR4NPO_CONSULTATIONPART2!BX50 -> 0
A45: 42 | B45: =CIPFA_IFR4NPO_CONSULTATIONPART2!A51 -> Bernice Burton | C45: Individual (anonymous) | D45: Dominica | E45: =CIPFA_IFR4NPO_CONSULTATIONPART2!X51 -> 0 | F45: =CIPFA_IFR4NPO_CONSULTATIONPART2!Y51 -> 0 | G45: =CIPFA_IFR4NPO_CONSULTATIONPART2!Z51 -> 0 | H45: =CIPFA_IFR4NPO_CONSULTATIONPART2!AA51 -> 0 | I45: =CIPFA_IFR4NPO_CONSULTATIONPART2!AB51 -> 0 | J45: =CIPFA_IFR4NPO_CONSULTATIONPART2!AC51 -> 0 | K45: =CIPFA_IFR4NPO_CONSULTATIONPART2!AD51 -> 0 | L45: =CIPFA_IFR4NPO_CONSULTATIONPART2!AE51 -> 0 | ... BE45: =CIPFA_IFR4NPO_CONSULTATIONPART2!BX51 -> 0
A46: 43 | B46: =CIPFA_IFR4NPO_CONSULTATIONPART2!A52 -> Macrena Bennett | C46: =B46 -> Macrena Bennett | D46: Jamaica | E46: =CIPFA_IFR4NPO_CONSULTATIONPART2!X52 -> 0 | F46: =CIPFA_IFR4NPO_CONSULTATIONPART2!Y52 -> 0 | G46: =CIPFA_IFR4NPO_CONSULTATIONPART2!Z52 -> 0 | H46: =CIPFA_IFR4NPO_CONSULTATIONPART2!AA52 -> 0 | I46: =CIPFA_IFR4NPO_CONSULTATIONPART2!AB52 -> 0 | J46: =CIPFA_IFR4NPO_CONSULTATIONPART2!AC52 -> 0 | K46: =CIPFA_IFR4NPO_CONSULTATIONPART2!AD52 -> 0 | L46: =CIPFA_IFR4NPO_CONSULTATIONPART2!AE52 -> 0 | ... BE46: =CIPFA_IFR4NPO_CONSULTATIONPART2!BX52 -> 0
B47: =CIPFA_IFR4NPO_CONSULTATIONPART2!A64 -> 0

Sheet Response
A1: IFR4NPO Responses Consultation Paper Part 2 - Individuals
C3: Type the number of the record you wish to view from the list tab.
A4: Record | C4: 1
A5: Name | C5: =VLOOKUP(C4,List!A:C,3,0) -> Innocent Philips
A6: Country | C6: =VLOOKUP(C4,List!A:D,4,0) -> Nigeria
A8: Issue | B8: Code | C8: Question | D8: Response
A9: Overview of Part 2 | B9: SMC_0_a | C9: SMC0a: Is the list of NPO-specific financial reporting issues complete? If not, please provide information about the further issues that you believe are specific to NPOs, or issues that should be removed, together with supporting reasoning for the change(s) you propose. | D9: {=INDEX(List!A$3:BE$46,MATCH(Response!$C$4,List!$A:$A,0)-2,MATCH(Response!B9,List!$3:$3,0))} -> 0
B10: SMC_0_b | C10: SMC0b: Do you agree with the criteria used to evaluate the list of issues? If not, what changes would you make and why?. | D10: {=INDEX(List!A$3:BE$46,MATCH(Response!$C$4,List!$A:$A,0)-2,MATCH(Response!B10,List!$3:$3,0))} -> 0
B11: SMC_0_c | C11: SMC0c: Do you agree with the topics prioritised for the Consultation Paper? If not, outline which topics should be added or removed and why. | D11: {=INDEX(List!A$3:BE$46,MATCH(Response!$C$4,List!$A:$A,0)-2,MATCH(Response!B11,List!$3:$3,0))} -> 0
A12: 1 - Reporting entity & control | B12: SMC_1_a | C12: SMC1a: Do you agree with the description of the issue? If not, why not. | D12: {=INDEX(List!A$3:BE$46,MATCH(Response!$C$4,List!$A:$A,0)-2,MATCH(Response!B12,List!$3:$3,0))} -> 0
B13: SMC_1_b | C13: SMC1b: Do you agree that the list of alternative treatments is exhaustive? If not, please describe your additional proposed alternatives, and explain why they should be considered. | D13: {=INDEX(List!A$3:BE$46,MATCH(Response!$C$4,List!$A:$A,0)-2,MATCH(Response!B13,List!$3:$3,0))} -> 0
B14: SMC_1_c | C14: SMC1c: Do you agree with the advantages and disadvantages articulated for each alternative? If you do not agree, please set out the changes you propose, and why these should be made. | D14: {=INDEX(List!A$3:BE$46,MATCH(Response!$C$4,List!$A:$A,0)-2,MATCH(Response!B14,List!$3:$3,0))} -> 0
B15: SMC_1_d | C15: SMC1d: Please identify the alternative treatment that you favour, and the reasons for your view. | D15: {=INDEX(List!A$3:BE$46,MATCH(Response!$C$4,List!$A:$A,0)-2,MATCH(Response!B15,List!$3:$3,0))} -> 0
A16: 2 - NPOs acting on behalf of others | B16: SMC_2_a | C16: SMC2a: Do you agree with the description of the issue? If not, why not. | D16: {=INDEX(List!A$3:BE$46,MATCH(Response!$C$4,List!$A:$A,0)-2,MATCH(Response!B16,List!$3:$3,0))} -> 0
B17: SMC_2_b | C17: SMC2b: Do you agree that the list of alternative treatments is exhaustive? If not, please describe your additional proposed alternatives, and explain why they should be considered. | D17: {=INDEX(List!A$3:BE$46,MATCH(Response!$C$4,List!$A:$A,0)-2,MATCH(Response!B17,List!$3:$3,0))} -> 0
B18: SMC_2_c | C18: SMC2c: Do you agree with the advantages and disadvantages articulated for each alternative? If you do not agree, please set out the changes you propose, and why these should be made. | D18: {=INDEX(List!A$3:BE$46,MATCH(Response!$C$4,List!$A:$A,0)-2,MATCH(Response!B18,List!$3:$3,0))} -> 0
B19: SMC_2_d | C19: SMC2d: Please identify the alternative treatment that you favour, and the reasons for your view. | D19: {=INDEX(List!A$3:BE$46,MATCH(Response!$C$4,List!$A:$A,0)-2,MATCH(Response!B19,List!$3:$3,0))} -> 0
B20: SMC_2_e | C20: SMC2e: Additional disclosures are proposed under all alternatives for issue 2. Outline any challenges you would anticipate with the proposed disclosures? Are there additional disclosures that might be more relevant? | D20: {=INDEX(List!A$3:BE$46,MATCH(Response!$C$4,List!$A:$A,0)-2,MATCH(Response!B20,List!$3:$3,0))} -> 0
A21: 3 - Non exchange revenue | B21: SMC_3_a | C21: SMC3a: Do you agree with the description of the issue? If not, why not. | D21: {=INDEX(List!A$3:BE$46,MATCH(Response!$C$4,List!$A:$A,0)-2,MATCH(Response!B21,List!$3:$3,0))} -> 0
B22: SMC_3_b | C22: SMC3b: Do you agree that the list of alternative treatments is exhaustive? If not, please describe your additional proposed alternatives, and explain why they should be considered. | D22: {=INDEX(List!A$3:BE$46,MATCH(Response!$C$4,List!$A:$A,0)-2,MATCH(Response!B22,List!$3:$3,0))} -> 0
B23: SMC_3_c | C23: SMC3c: Do you agree with the advantages and disadvantages articulated for each alternative? If you do not agree, please set out the changes you propose, and why these should be made. | D23: {=INDEX(List!A$3:BE$46,MATCH(Response!$C$4,List!$A:$A,0)-2,MATCH(Response!B23,List!$3:$3,0))} -> 0
B24: SMC_3_d | C24: SMC3d: Please identify the alternative treatment that you favour, and the reasons for your view. | D24: {=INDEX(List!A$3:BE$46,MATCH(Response!$C$4,List!$A:$A,0)-2,MATCH(Response!B24,List!$3:$3,0))} -> 0
B25: SMC_3_e | C25: SMC3e: If you favour an alternative other than alternative 4 for issue 3, do you consider that the exceptions to the recognition and measurement of gifts in-kind and services in-kind should be available under your preferred option? | D25: {=INDEX(List!A$3:BE$46,MATCH(Response!$C$4,List!$A:$A,0)-2,MATCH(Response!B25,List!$3:$3,0))} -> 0
B26: SMC_3_f | C26: SMC3f: Are there any practical considerations, for example impacts on tax or audit thresholds, or questions that arise in implementing your preferred option? | D26: {=INDEX(List!A$3:BE$46,MATCH(Response!$C$4,List!$A:$A,0)-2,MATCH(Response!B26,List!$3:$3,0))} -> 0
A27: 4 - Grant expenses | B27: SMC_4_a | C27: SMC4a: Do you agree with the description of the issue? If not, why not. | D27: {=INDEX(List!A$3:BE$46,MATCH(Response!$C$4,List!$A:$A,0)-2,MATCH(Response!B27,List!$3:$3,0))} -> Yes
B28: SMC_4_b | C28: SMC4b: Do you agree that the list of alternative treatments is exhaustive? If not, please describe your additional proposed alternatives, and explain why they should be considered. | D28: {=INDEX(List!A$3:BE$46,MATCH(Response!$C$4,List!$A:$A,0)-2,MATCH(Response!B28,List!$3:$3,0))} -> Yes
B29: SMC_4_c | C29: SMC4c: Do you agree with the advantages and disadvantages articulated for each alternative? If you do not agree, please set out the changes you propose, and why these should be made. | D29: {=INDEX(List!A$3:BE$46,MATCH(Response!$C$4,List!$A:$A,0)-2,MATCH(Response!B29,List!$3:$3,0))} -> 0
B30: SMC_4_d | C30: SMC4d: Please identify the alternative treatment that you favour, and the reasons for your view. | D30: {=INDEX(List!A$3:BE$46,MATCH(Response!$C$4,List!$A:$A,0)-2,MATCH(Response!B30,List!$3:$3,0))} -> 0
A31: 5 - Measurement of assets | B31: SMC_5_a | C31: SMC5a: Do you agree with the description of the issue? If not, why not. | D31: {=INDEX(List!A$3:BE$46,MATCH(Response!$C$4,List!$A:$A,0)-2,MATCH(Response!B31,List!$3:$3,0))} -> 0
B32: SMC_5_b | C32: SMC5b: Do you agree that the list of alternative treatments is exhaustive? If not, please describe your additional proposed alternatives, and explain why they should be considered. | D32: {=INDEX(List!A$3:BE$46,MATCH(Response!$C$4,List!$A:$A,0)-2,MATCH(Response!B32,List!$3:$3,0))} -> 0
B33: SMC_5_c | C33: SMC5c: Do you agree with the advantages and disadvantages articulated for each alternative? If you do not agree, please set out the changes you propose, and why these should be made. | D33: {=INDEX(List!A$3:BE$46,MATCH(Response!$C$4,List!$A:$A,0)-2,MATCH(Response!B33,List!$3:$3,0))} -> 0
B34: SMC_5_d | C34: SMC5d: Please identify the alternative treatment that you favour, and the reasons for your view. | D34: {=INDEX(List!A$3:BE$46,MATCH(Response!$C$4,List!$A:$A,0)-2,MATCH(Response!B34,List!$3:$3,0))} -> 0
B35: SMC_5_e | C35: SMC5e: Do you agree that land and buildings (or sub classifications thereof) used to provide services should be measured using the revaluation model and specifically a measurement which reflects the ‘value in use’ or the operational capacity to an NPO? Could it provide useful information to users? | D35: {=INDEX(List!A$3:BE$46,MATCH(Response!$C$4,List!$A:$A,0)-2,MATCH(Response!B35,List!$3:$3,0))} -> 0
A36: 6 - Inventory held for distribution or use | B36: SMC_6_a | C36: SMC6a: Do you agree with the description of the issue? If not, why not. | D36: {=INDEX(List!A$3:BE$46,MATCH(Response!$C$4,List!$A:$A,0)-2,MATCH(Response!B36,List!$3:$3,0))} -> Yes
B37: SMC_6_b | C37: SMC6b: Do you agree that the list of alternative treatments is exhaustive? If not, please describe your additional proposed alternatives, and explain why they should be considered. | D37: {=INDEX(List!A$3:BE$46,MATCH(Response!$C$4,List!$A:$A,0)-2,MATCH(Response!B37,List!$3:$3,0))} -> Yes
B38: SMC_6_c | C38: SMC6c: Do you agree with the advantages and disadvantages articulated for each alternative? If you do not agree, please set out the changes you propose, and why these should be made. | D38: {=INDEX(List!A$3:BE$46,MATCH(Response!$C$4,List!$A:$A,0)-2,MATCH(Response!B38,List!$3:$3,0))} -> 0
B39: SMC_6_d | C39: SMC6d: Please identify the alternative treatment that you favour, and the reasons for your view. | D39: {=INDEX(List!A$3:BE$46,MATCH(Response!$C$4,List!$A:$A,0)-2,MATCH(Response!B39,List!$3:$3,0))} -> 0
A40: 7 - Financial statement presentation | B40: SMC_7_a | C40: SMC7a: Do you agree with the description of the issue? If not, why not. | D40: {=INDEX(List!A$3:BE$46,MATCH(Response!$C$4,List!$A:$A,0)-2,MATCH(Response!B40,List!$3:$3,0))} -> 0
B41: SMC_7_b | C41: SMC7b: Do you agree that the list of alternative treatments is exhaustive? If not, please describe your additional proposed alternatives, and explain why they should be considered. | D41: {=INDEX(List!A$3:BE$46,MATCH(Response!$C$4,List!$A:$A,0)-2,MATCH(Response!B41,List!$3:$3,0))} -> 0
B42: SMC_7_c | C42: SMC7c: Do you agree with the advantages and disadvantages articulated for each alternative? If you do not agree, please set out the changes you propose, and why these should be made. | D42: {=INDEX(List!A$3:BE$46,MATCH(Response!$C$4,List!$A:$A,0)-2,MATCH(Response!B42,List!$3:$3,0))} -> 0
B43: SMC_7_d | C43: SMC7d: Please identify the alternative treatment that you favour, and the reasons for your view. | D43: {=INDEX(List!A$3:BE$46,MATCH(Response!$C$4,List!$A:$A,0)-2,MATCH(Response!B43,List!$3:$3,0))} -> 0
B44: SMC_7_e | C44: SMC7e: The term statement of financial performance is used in the consultation paper to describe the statement that contains an NPOs revenues and expenses. Do you agree with the use of this term. If not, describe your preferred term and explain your reasoning. | D44: {=INDEX(List!A$3:BE$46,MATCH(Response!$C$4,List!$A:$A,0)-2,MATCH(Response!B44,List!$3:$3,0))} -> 0
A45: 8 - Classification of expenses | B45: SMC_8_a | C45: SMC8a: Do you agree with the description of the issue? If not, why not. | D45: {=INDEX(List!A$3:BE$46,MATCH(Response!$C$4,List!$A:$A,0)-2,MATCH(Response!B45,List!$3:$3,0))} -> 0
B46: SMC_8_b | C46: SMC8b: Do you agree that the list of alternative treatments is exhaustive? If not, please describe your additional proposed alternatives, and explain why they should be considered. | D46: {=INDEX(List!A$3:BE$46,MATCH(Response!$C$4,List!$A:$A,0)-2,MATCH(Response!B46,List!$3:$3,0))} -> 0
B47: SMC_8_c | C47: SMC8c: Do you agree with the advantages and disadvantages articulated for each alternative? If you do not agree, please set out the changes you propose, and why these should be made. | D47: {=INDEX(List!A$3:BE$46,MATCH(Response!$C$4,List!$A:$A,0)-2,MATCH(Response!B47,List!$3:$3,0))} -> 0
B48: SMC_8_d | C48: SMC8d: Please identify the alternative treatment that you favour, and the reasons for your view. | D48: {=INDEX(List!A$3:BE$46,MATCH(Response!$C$4,List!$A:$A,0)-2,MATCH(Response!B48,List!$3:$3,0))} -> 0
B49: SMC_8_e | C49: SMC8e: Do you think that the alternatives for issue 8 provide the right balance between information presented on the face of the performance statements or in the notes? | D49: {=INDEX(List!A$3:BE$46,MATCH(Response!$C$4,List!$A:$A,0)-2,MATCH(Response!B49,List!$3:$3,0))} -> 0
B50: SMC_8_f | C50: SMC8e: Would the allocation of expenses to functions outlined in issue 8 be so arbitrary that it would not provide a sufficiently faithful representation of the composition of an entity’s functions? | D50: {=INDEX(List!A$3:BE$46,MATCH(Response!$C$4,List!$A:$A,0)-2,MATCH(Response!B50,List!$3:$3,0))} -> 0
B51: SMC_8_g | C51: SMC8g: Are there any practical questions that arise in implementing your preferred option? | D51: {=INDEX(List!A$3:BE$46,MATCH(Response!$C$4,List!$A:$A,0)-2,MATCH(Response!B51,List!$3:$3,0))} -> 0
A52: 9 - Fundraising costs | B52: SMC_9_a | C52: SMC9a: Do you agree with the description of the issue? If not, why not. | D52: {=INDEX(List!A$3:BE$46,MATCH(Response!$C$4,List!$A:$A,0)-2,MATCH(Response!B52,List!$3:$3,0))} -> 0
B53: SMC_9_b | C53: SMC9b: Do you agree that the list of alternative treatments is exhaustive? If not, please describe your additional proposed alternatives, and explain why they should be considered. | D53: {=INDEX(List!A$3:BE$46,MATCH(Response!$C$4,List!$A:$A,0)-2,MATCH(Response!B53,List!$3:$3,0))} -> 0
B54: SMC_9_c | C54: SMC9c: Do you agree with the advantages and disadvantages articulated for each alternative? If you do not agree, please set out the changes you propose, and why these should be made. | D54: {=INDEX(List!A$3:BE$46,MATCH(Response!$C$4,List!$A:$A,0)-2,MATCH(Response!B54,List!$3:$3,0))} -> 0
B55: SMC_9_d | C55: SMC9d: Please identify the alternative treatment that you favour, and the reasons for your view. | D55: {=INDEX(List!A$3:BE$46,MATCH(Response!$C$4,List!$A:$A,0)-2,MATCH(Response!B55,List!$3:$3,0))} -> 0
B56: SMC_9_e | D56: {=INDEX(List!A$3:BE$46,MATCH(Response!$C$4,List!$A:$A,0)-2,MATCH(Response!B56,List!$3:$3,0))} -> 0
A57: 10 - Narrative Reporting | B57: SMC_10_a | C57: SMC10a: Do you agree with the description of the issue? If not, why not. | D57: {=INDEX(List!A$3:BE$46,MATCH(Response!$C$4,List!$A:$A,0)-2,MATCH(Response!B57,List!$3:$3,0))} -> Yes
B58: SMC_10_b | C58: SMC10b: Do you agree that the list of alternative treatments is exhaustive? If not, please describe your additional proposed alternatives, and explain why they should be considered. | D58: {=INDEX(List!A$3:BE$46,MATCH(Response!$C$4,List!$A:$A,0)-2,MATCH(Response!B58,List!$3:$3,0))} -> Yes
B59: SMC_10_c | C59: SMC10c: Do you agree with the advantages and disadvantages articulated for each alternative? If you do not agree, please set out the changes you propose, and why these should be made. | D59: {=INDEX(List!A$3:BE$46,MATCH(Response!$C$4,List!$A:$A,0)-2,MATCH(Response!B59,List!$3:$3,0))} -> Yes
B60: SMC_10_d | C60: SMC10d: Please identify the alternative treatment that you favour, and the reasons for your view. | D60: {=INDEX(List!A$3:BE$46,MATCH(Response!$C$4,List!$A:$A,0)-2,MATCH(Response!B60,List!$3:$3,0))} -> 0
B61: SMC_10_e | C61: SMC10e: Should narrative reporting guidance be set at the level of a framework and principles, rather than any more specific reporting requirements or recommendations? If you disagree, what additional guidance on what specific reporting requirements or recommendations would be beneficial? | D61: {=INDEX(List!A$3:BE$46,MATCH(Response!$C$4,List!$A:$A,0)-2,MATCH(Response!B61,List!$3:$3,0))} -> 0
A63: Click on the + sign to expand the questions and responses in each issue
A64: SMC = Specific Matters for Comment. These are the question references used in the Consultation Paper
A65: In case a response is too long to view easily, you can copy and paste (values) into the blank sheet provided

Sheet Blank
